 Dungeon Crawl Stone Soup version 0.31.0-11-ge490571c62 (webtiles) character file.

Game seed: 17853011557307287435

10015927 TheSexyCheese the Conqueror (level 27, 199/199 HPs)
             Began as a Gargoyle Fire Elementalist on Feb 4, 2024.
             Was the Champion of Vehumet.
             Escaped with the Orb
             ... and 15 runes on Feb 10, 2024!
             The game lasted 15:47:10 (169963 turns).

TheSexyCheese the Conqueror (GrFE)                Turns: 169963, Time: 15:47:10

Health: 199/199    AC: 38    Str: 14    XL:     27
Magic:  72/72      EV: 21    Int: 30    God:    Vehumet [******]
Gold:   15657      SH:  0    Dex: 10    Spells: 4/80 levels left

rFire   + + .        c - +3 Elemental Staff {ele, rElec rF+ rC+ AC+3}
rCold   + + +        (no shield)
rNeg    + + +        R - +3 leather armour of the Boiling Point {MP+9}
rPois   ∞            (no helmet)
rElec   +            h - +2 cloak
rCorr   +            N - +2 pair of gloves of the Trees {Fly rElec rCorr Int+2}
SInv    .            u - +2 pair of boots
Will    +++++        l - amulet of magic regeneration
Stlth   +            D - ring of the Freezing Fool {rN+ Will+ MP+9}
HPRegen 0.53/turn    k - ring "Tuejekon" {rF+ rC+ rN+ Will+ Stlth+}
MPRegen 0.83/turn

%: no passive effects
@: death-form, flying, studying 4 skills
A: vile attack, torment immunity, no potions, flying, sickness immunity, AC +20,
big wings, negative energy resistance 1, electricity resistance, torment
resistance 1, petrification resistance, MP-powered wands
0: Orb of Zot
}: 15/15 runes: serpentine, barnacled, slimy, silver, golden, iron, obsidian,
icy, bone, abyssal, demonic, glowing, magical, fiery, dark
a: Siphon Essence, Begin Untransformation, Renounce Religion


You escaped.
You worshipped Vehumet.
Vehumet was exalted by your worship.
You were an undying horror.
You visited 18 branches of the dungeon, and saw 86 of its levels.
You visited Pandemonium 3 times, and saw 22 of its levels.
You visited the Abyss 3 times.
You visited 2 ziggurats, and saw 38 of their levels (deepest: 25).
You also visited: Trove, Gauntlet and Ice Cave.

You collected 20428 gold pieces.
You spent 4771 gold pieces at shops.

Inventory:

Hand Weapons
 c - the +3 Elemental Staff (weapon) {ele, rElec rF+ rC+ AC+3}
   (You found it on level 16 of a ziggurat)

   AC+3:      It affects your AC (+3).
   rF+:       It protects you from fire.
   rC+:       It protects you from cold.
   rElec:     It insulates you from electricity.
 d - the +13 sceptre of Asmodeus
   (You took it off Asmodeus on level 7 of Gehenna)

   Fire Summon: It may summon demons of flame and damnation when striking foes.
 x - the +6 sword of Cerebov {flame}
   (You took it off Cerebov in Pandemonium)
Missiles
 A - 9 curare-tipped darts
 M - 31 silver javelins (quivered)
Armour
 h - a +2 cloak (worn)
 u - a +2 pair of boots (worn)
 N - the +2 pair of gloves of the Trees (worn) {Fly rElec rCorr Int+2}
   (You found it in a treasure trove)

   Int+2:     It affects your intelligence (+2).
   rElec:     It insulates you from electricity.
   Fly:       It grants you flight.
   rCorr:     It protects you from acid and corrosion.
 R - the +3 leather armour of the Boiling Point (worn) {MP+9}
   (You found it in a treasure trove)

   MP+9:      It affects your magic capacity (+9).
 V - the +2 robe of Slovenliness {Will+ Regen+ Slay+3 SInv}
   (You bought it in a shop on level 1 of the Shoals)

   Slay+3:    It affects your accuracy & damage with ranged weapons and melee
   (+3).
   Will+:     It increases your willpower.
   SInv:      It lets you see invisible.
   Regen+:    It increases your rate of health regeneration.
 X - the scarf "Sauloi" {shadows, rC+++ Will+ rCorr MP-9}
   (You found it in a treasure trove)

   rC+++:     It renders you almost immune to cold.
   Will+:     It increases your willpower.
   MP-9:      It affects your magic capacity (-9).
   rCorr:     It protects you from acid and corrosion.
Magical Staves
 y - a staff of fire
Jewellery
 a - the ring "Jyfu" {rPois rC+ Str+3}
   (You found it on level 15 of a ziggurat)

   [ring of protection from cold]

   Str+3:     It affects your strength (+3).
   rC+:       It protects you from cold.
   rPois:     It protects you from poison
 e - the ring of Seam {rN+ Will+ Int+3 Dex+5}
   (You found it on level 4 of the Dungeon)

   [ring of positive energy]

   Int+3:     It affects your intelligence (+3).
   Dex+5:     It affects your dexterity (+5).
   rN+:       It protects you from negative energy.
   Will+:     It increases your willpower.
 k - the ring "Tuejekon" (right hand) {rF+ rC+ rN+ Will+ Stlth+}
   (You found it on level 12 of a ziggurat)

   [ring of positive energy]

   rF+:       It protects you from fire.
   rC+:       It protects you from cold.
   rN+:       It protects you from negative energy.
   Will+:     It increases your willpower.
   Stlth+:    It makes you more stealthy.
 l - an amulet of magic regeneration (around neck)
 n - a ring of the Octopus King {rN+ HP+2 AC+2 EV+2 SH+2}
   (You found it on level 8 of a ziggurat)

   [ring of positive energy]

   AC+2:      It affects your AC (+2).
   EV+2:      It affects your evasion (+2).
   rN+:       It protects you from negative energy.
   HP+2:      It affects your health (+2).
   SH+2:      It affects your SH (+2).
 w - the ring of Pilaaq {rF+ rN++}
   (You found it on level 24 of a ziggurat)

   [ring of protection from fire]

   rF+:       It protects you from fire.
   rN++:      It greatly protects you from negative energy.
 D - the ring of the Freezing Fool (left hand) {rN+ Will+ MP+9}
   (You found it on level 13 of a ziggurat)

   [ring of magical power]

   rN+:       It protects you from negative energy.
   Will+:     It increases your willpower.
   MP+9:      It affects your magic capacity (+9).
 E - an amulet of guardian spirit
Talismans
 i - a talisman of death (active)
Wands
 K - a wand of iceblast (36)
 L - a wand of acid (71)
 Q - a wand of digging (8)
Scrolls
 b - 15 scrolls of teleportation
 m - 19 scrolls of amnesia
 p - 2 scrolls of enchant weapon
 q - 6 scrolls of revelation
 s - 24 scrolls of fog
 z - 10 scrolls of torment
 C - 20 scrolls of immolation
 G - 5 scrolls of blinking
 I - 2 scrolls of noise
 P - a scroll of fear
Potions
 f - 12 potions of attraction
 g - 53 potions of curing
 j - 5 potions of magic
 o - 16 potions of mutation
 r - a potion of brilliance
 t - 13 potions of heal wounds
 v - 3 potions of enlightenment
 F - 3 potions of haste
 J - 10 potions of might
 O - 3 potions of resistance
 W - 4 potions of invisibility
 Y - 7 potions of cancellation
Miscellaneous
 S - a phantom mirror
 T - a box of beasts
 U - a phial of floods
 Z - a lightning rod (4/4)


   Skills:
 O Level 27 Fighting
 + Level 10.0 Long Blades
 - Level 10.9 Staves
 - Level 15.3 Throwing
 * Level 25.9 Dodging
 - Level 2.1 Stealth
 O Level 27 Spellcasting
 O Level 27 Conjurations
 - Level 22.7 Fire Magic
 + Level 22.8 Ice Magic
 - Level 24.3 Air Magic
 O Level 27 Earth Magic
 - Level 23.0 Shapeshifting


You had 4 spell levels left.
You knew the following spells:

 Your Spells              Type           Power      Damage    Failure   Level
a - Polar Vortex          Ice            66%        12d8*     1%          9
c - Chain Lightning       Conj/Air       69%        3d92      1%          9
d - Fire Storm            Conj/Fire      68%        8d17      1%          9
f - Lehudib's Crystal Sp  Conj/Erth      70%        10d16     1%          8
g - Plasma Beam           Fire/Air       79%        2x1d97    0%          6
h - Starburst             Conj/Fire      68%        6d18      0%          6
i - Stone Arrow           Conj/Erth      100%       3d13      0%          3
j - Ignition              Fire           66%        3d18      1%          8
k - Shatter               Erth           70%        3d52*     1%          9
l - Apportation           Tloc           80%        N/A       1%          1
m - Maxwell's Capacitive  Air            68%        ∞         1%          8

Your spell library contained the following spells:

 Spells                   Type           Power      Damage    Failure   Level
 Foxfire                  Conj/Fire      100%       2x1d9     0%          1
 Freeze                   Ice            100%       1d10      0%          1
 Kiss of Death            Conj/Necr      100%       2d13      0%          1
 Magic Dart               Conj           100%       1d8       0%          1
 Shock                    Conj/Air       100%       1d9       0%          1
 Sting                    Conj/Alch      100%       1d9       0%          1
 Ensorcelled Hibernation  Hex/Ice        100%       N/A       0%          2
 Mercury Vapours          Alch/Air       100%       N/A       0%          2
 Momentum Strike          Conj/Tloc      100%       3d10      0%          2
 Scorch                   Fire           100%       2d9       0%          2
 Searing Ray              Conj           100%       2d8       0%          2
 Static Discharge         Conj/Air       100%       3-8/arc   0%          2
 Dazzling Flash           Conj/Hex       100%       N/A       0%          3
 Frozen Ramparts          Ice            100%       1d16      0%          3
 Hailstorm                Conj/Ice       100%       3d16      0%          3
 Inner Flame              Hex/Fire       100%       N/A       0%          3
 Mephitic Cloud           Conj/Alch/Air  100%       N/A       0%          3
 Ozocubu's Armour         Ice            100%       N/A       0%          3
 Passwall                 Erth           100%       N/A       0%          3
 Swiftness                Air            100%       N/A       0%          3
 Volatile Blastmotes      Fire/Tloc      100%       2d18      0%          3
 Airstrike                Air            68%        2d(10-26) 0%          4
 Brom's Barrelling Bould  Conj/Erth      100%       2d11      0%          4
 Flame Wave               Conj/Fire      100%       2d21      0%          4
 Necrotise                Necr           100%       1d9       1%          1
 Slow                     Hex            100%       N/A       1%          1
 Summon Small Mammal      Summ           100%       N/A       1%          1
 Blink                    Tloc           80%        N/A       1%          2
 Jinxbite                 Hex            80%        N/A       1%          2
 Lesser Beckoning         Tloc           80%        N/A       1%          2
 Summon Ice Beast         Ice/Summ       100%       N/A       1%          3
 Animate Armour           Summ/Erth      100%       N/A       1%          4
 Fulminant Prism          Conj/Alch      44%        3d19      1%          4
 Ignite Poison            Fire/Alch      100%       N/A       1%          4
 Iskenderun's Mystic Bla  Conj/Tloc      88%        2d17      1%          4
 Leda's Liquefaction      Alch/Erth      55%        N/A       1%          4
 Petrify                  Alch/Erth      100%       N/A       1%          4
 Sticky Flame             Fire/Alch      100%       2d15      1%          4
 Summon Blazeheart Golem  Fire/Summ      100%       N/A       1%          4
 Summon Lightning Spire   Summ/Air       100%       N/A       1%          4
 Vhi's Electric Charge    Tloc/Air       100%       N/A       1%          4
 Call Canine Familiar     Summ           40%        N/A       2%          3
 Confusing Touch          Hex            40%        N/A       2%          3
 Fugue of the Fallen      Necr           40%        N/A       2%          3
 Gell's Gravitas          Tloc           40%        N/A       2%          3
 Sigil of Binding         Hex            40%        N/A       2%          3
 Teleport Other           Tloc           40%        N/A       2%          3
 Tukima's Dance           Hex            40%        N/A       2%          3
 Vampiric Draining        Necr           40%        2d8       2%          3
 Olgreb's Toxic Radiance  Alch           40%        N/A       2%          4
 Anguish                  Hex/Necr       20%        N/A       8%          4
 Animate Dead             Necr           40%        N/A       8%          4
 Cause Fear               Hex            20%        N/A       8%          4
 Dimensional Bullseye     Hex/Tloc       20%        N/A       8%          4
 Dispel Undead            Necr           40%        3d16      8%          4
 Manifold Assault         Tloc           40%        N/A       8%          4
 Martyr's Knell           Necr/Summ      40%        N/A       8%          4
 Passage of Golubria      Tloc           40%        N/A       8%          4
 Arcjolt                  Conj/Air       69%        1d79      0%          5
 Fireball                 Conj/Fire      68%        3d26      0%          5
 Freezing Cloud           Conj/Ice/Air   81%        6-21      0%          5
 Iskenderun's Battlesphe  Conj           100%       2d15      0%          5
 Lee's Rapid Deconstruct  Erth           70%        3d32*     0%          5
 Bombard                  Conj/Erth      70%        9d11      0%          6
 Conjure Ball Lightning   Conj/Air       69%        3x3d26    0%          6
 Orb of Destruction       Conj           58%        9d14      0%          7
 Borgnjor's Vile Clutch   Necr/Erth      55%        N/A       1%          5
 Irradiate                Conj/Alch      44%        3d26      1%          5
 Metabolic Englaciation   Hex/Ice        52%        N/A       1%          5
 Silence                  Hex/Air        53%        N/A       1%          5
 Sculpt Simulacrum        Ice/Alch       52%        N/A       1%          6
 Ozocubu's Refrigeration  Ice            66%        4d22      1%          7
 Spellforged Servitor     Conj/Summ      44%        N/A       1%          7
 Yara's Violent Unravell  Hex/Alch       20%        3d9       6%          5
 Alistair's Intoxication  Alch           26%        N/A       22%         5
 Curse of Agony           Necr           40%        N/A       22%         5
 Summon Forest            Summ/Tloc      20%        N/A       22%         5
 Summon Mana Viper        Hex/Summ       40%        N/A       22%         5
 Eringya's Noxious Bog    Alch           20%        4d6       28%         6
 Death Channel            Necr           20%        N/A       75%         6
 Dispersal                Tloc           20%        N/A       75%         6
 Summon Cactus Giant      Summ           20%        N/A       75%         6
 Enfeeble                 Hex            20%        N/A       100%        7
 Haunt                    Necr/Summ      20%        N/A       100%        7
 Malign Gateway           Summ/Tloc      20%        N/A       100%        7
 Monstrous Menagerie      Summ           20%        N/A       100%        7
 Summon Hydra             Summ           20%        N/A       100%        7
 Borgnjor's Revivificati  Necr           20%        N/A       100%        8
 Discord                  Hex            20%        N/A       100%        8
 Disjunction              Tloc           20%        N/A       100%        8
 Infestation              Necr           20%        N/A       100%        8
 Summon Horrible Things   Summ           20%        N/A       100%        8
 Death's Door             Necr           20%        N/A       100%        9
 Dragon's Call            Summ           20%        N/A       100%        9
 Cigotuvi's Dreadful Rot  Necr/Alch/Air  Unusable   N/A       N/A         2
 Sublimation of Blood     Necr           Unusable   N/A       N/A         2

Dungeon Overview and Level Annotations

Branches:
Dungeon (15/15)            Temple (1/1) D:7            Lair (5/5) D:8
 Shoals (4/4) Lair:3        Snake (4/4) Lair:3        Slime (5/5) Lair:5
    Orc (2/2) D:9             Elf (3/3) Orc:2        Vaults (5/5) D:13
  Crypt (3/3) Vaults:3       Tomb (3/3) Crypt:3      Depths (4/4) D:15
   Hell (visited)             Dis (7/7) Hell            Geh (7/7) Hell
    Coc (7/7) Hell            Tar (7/7) Hell            Zot (5/5) Depths:4
  IceCv (visited)         Gauntlet (visited)

Altars:
Ashenzari
Cheibriados
Dithmenos
Elyvilon
Fedhas
Gozag
Hepliaklqana
Kikubaaqudgha
Makhleb
Nemelex Xobeh
Okawaru
Qazlal
Ru
Sif Muna
Trog
Uskayaw
Vehumet
Wu Jian
Xom
Yredelemnul
Zin
The Shining One

Shops:
D:8 *==*   D:13 (   D:14 *   Orc:2 **:*!   Elf:3 [   Shoals:1 [   Shoals:2 (
Snake:1 [([:   Vaults:1 (   Vaults:2 =(   Vaults:5 !   Depths:2 *

Portals:
Hell: Depths:1 Depths:2 Depths:3 Depths:4
Abyss: Depths:3
Pandemonium: Depths:2 Depths:4

Annotations:
D:3 Pikel
D:15 Roxanne
Depths:1 3 runed translucent doors, Dolerph's ghost, adept DrSh


Innate Abilities, Weirdness & Mutations

You are an undying horror.
Your melee and unarmed attacks drain, slow and weaken victims.
You are immune to unholy pain and torment.
You cannot drink.
You are flying.
You are immune to sickness and miasma.
Your stone body is resilient. (AC +20)
You are immune to poison.
Your large and strong wings let you fly.
You resist negative energy. (rN+)
You are resistant to electric shocks. (rElec)
You are resistant to unholy torment.
You are immune to petrification.
You expend magic power (3 MP) to strengthen your wands.


Message History

You kill the hell hound!
Vehumet accepts your kill.
Unknown command.
Unknown command.
Unknown command.
There is a stone staircase leading up here.
Your magical contamination has completely faded away.
You fly upwards.
Level annotation: Pikel
There is a stone staircase leading down here.
What level of the Dungeon? (default 1, ? - help)
You see here a +0 halberd.
Things that are here:
a +0 robe; a +0 dagger
Things that are here:
a +0 leather armour; a +0 club; a +0 whip
There is a stone staircase leading up here.
You fly upwards.
Magic restored.
There is a stone staircase leading down here.
An Executioner comes into view.
Casting: Chain Lightning (mildly dangerous; 1% risk of failure)
Confirm with . or Enter, or press ? or * to list all spells.
Aiming: Lehudib's Crystal Spear (mildly dangerous; 1% risk of failure)
Press: ? - help, Shift-Dir - straight line, f - Executioner
Aim: an Executioner (75% to hit)
You feel a surge of power!
The crystal spear hits the Executioner!!!!
You kill the Executioner!
Vehumet accepts your kill.
There is a stone staircase leading up here.
You fly upwards.
There is a stone staircase leading down here.
Aiming: Dig
Press: ? - help, Q - select action, (/) - cycle Shift-Dir - straight line You can't see that place. [the floor.]
You feel a surge of power!
The rock shatters into small pieces.
There is a staircase leading out of the dungeon here.
You can't go down here!
You have escaped!

..#####....#...........(....#
..........................###
....###..........#....#####
.##...#....#............#
..###.##.#+####.#>...##.##
#........#....##.#...##..###### #
#......##........######.......# #
#....####..#......### #.......# #
#....# ######...z...###.......# #
.....###..#####...............# #
.###.##.....###.#>#.###.......# #
..(#..#.#.....#.###...........###
................#######..........
####...####.......#####..........
##....##..##....#.............
#.#...##..........#.......... ###
#.###.#..).#####.............


There were no monsters in sight!

Vanquished Creatures
  Cerebov (Pan)
  Antaeus (Coc:7)
  the Royal Jelly (Slime:5)
  Asmodeus (Geh:7)
  Mnoleg (Pan)
  Ignacio (Pan)
  Lom Lobon (Pan)
  the Serpent of Hell (Coc:7)
  7 orbs of fire
  21 ancient liches
  14 dread liches
  Mennas (Pan)
  9 juggernauts
  Sojobo (Vaults:3)
  11 pandemonium lords
  34 royal mummies
  The ghost of Ulecsuczon the Impregnable, a veteran MiGl of Hepliaklqana (Crypt:2)
  4 shard shrikes
  2 Killer Klowns (Zot:5)
  Vv (Crypt:1)
  Geryon (Hell)
  30 caustic shrikes
  5 curse toes
  13 golden dragons
  Norris (Vaults:3)
  Jory (Vaults:2)
  6 profane servitors
  32 bone dragons
  21 doom hounds
  17 Tzitzimimeh
  The ghost of Smee the Bludgeoner, an adept MiFi of Okawaru (Snake:1)
  20 Brimstone Fiends
  25 iron giants
  4 electric golems
  A walking crystal tome (Depths:2)
  20 hellephants
  Mlioglotl (Snake:3)
  16 tainted leviathans
  24 Ice Fiends
  26 tentacled monstrosities
  32 Hell Sentinels
  16 liches
  A shard shrike skeleton (Crypt:3)
  20 titans
  Grunn (Zot:2)
  An iron dragon (shapeshifter) (Depths:3)
  15 searing wretches
  A deep elf blademaster (Zig:10)
  21 Orb Guardians
  11 quicksilver dragons
  11 sphinxes
  47 Executioners
  8 death cobs
  4 deep elf master archers
  Murray (Hell)
  49 acid blobs
  3 tentacled starspawn (Abyss:3)
  A kraken (Shoals:1)
  48 ancient champions
  20 storm dragons
  16 shadow dragons
  A thorn hunter (Zig:9)
  22 demonspawn warmongers
  The ghost of Kipt the Spry, an adept SpFE of Dithmenos (Vaults:2)
  14 nagarajas
  9 tengu reavers
  11 protean progenitors
  23 azure jellies
  Kirke (D:15)
  4 fenstrider witches
  29 rockslimes
  7 draconian shifters
  3 iron dragons
  13 draconian knights
  11 revenants
  6 daevas
  4 narguns
  7 draconian monks
  18 frost giants
  39 fire giants
  12 deep elf sorcerers
  13 angels (Pan)
  9 ghouls
  18 vault wardens
  7 draconian scorchers
  10 ghost moths
  2 emperor scorpions (Zig:5)
  9 quicksilver elementals
  6 shard shrike simulacra
  2 spectral juggernauts
  6 caustic shrike skeletons
  5 deep elf elementalists (Elf:3)
  2 spectral caustic shrikes
  A caustic shrike zombie (Crypt:2)
  40 cacodemons
  14 curse skulls
  45 reapers
  17 orc warlords
  79 balrugs
  21 demonspawn blood saints (Pan)
  3 spriggan defenders
  23 demonspawn corrupters (Pan)
  10 draconian annihilators
  5 draconian stormcallers
  A quicksilver ooze (shapeshifter) (Depths:3)
  22 quicksilver oozes
  22 ironbound preservers
  11 apis (Pan)
  18 very ugly things
  9 formless jellyfish
  5 ironbound thunderhulks
  6 ophanim (Pan)
  A juggernaut skeleton (Pan)
  An eleionoma (shapeshifter) (Depths:3)
  11 deep elf demonologists
  27 stone giants
  19 vampire knights
  21 white draconians
  25 lorocyprocas
  24 elemental wellsprings
  20 deep elf annihilators
  8 demonspawn black suns (Pan)
  16 deep elf death magi
  21 putrid mouths
  15 green draconians
  5 spark wasps
  13 purple draconians
  16 bennus
  3 eleionomae
  7 bunyips
  3 dire elephants
  20 red draconians
  11 wendigos
  5 yellow draconians
  3 minotaurs
  47 war gargoyles
  Azrael (Elf:1)
  11 black draconians
  20 green deaths
  Snorg (D:11)
  30 eidola
  The ghost of Yqoodd the Thaumaturge, a journeyman GnWr of Kikubaaqudgha (D:13)
  3 merfolk javelineers (Zig:13)
  34 iron golems
  36 mummy priests
  Josephine (D:11)
  28 blizzard demons
  2 entropy weavers
  A spectral quicksilver dragon (Tar:4)
  10 ettins
  2 spectral spriggans
  A quicksilver dragon zombie (Zig:24)
  17 deep elf high priests
  3 shambling mangroves
  11 jiangshi
  10 yaktaur captains
  An elf zombie (Tomb:2)
  14 fire dragons
  17 merfolk impalers
  14 great orbs of eyes
  13 caustic shrike simulacra
  37 vault guards
  5 peacekeepers
  24 salamander tyrants
  8 spriggan skeletons
  9 hydras
  7 rakshasas
  8 hell beasts
  A ghost crab (Zig:14)
  9 juggernaut simulacra
  7 spriggan air magi
  9 ogre magi
  9 ice dragons
  8 ironbound frosthearts
  2 alligator snapping turtles (Shoals:2)
  A radroach (Zig:5)
  12 anacondas
  4 merfolk avatars
  6 jorogumos (Pan)
  Erolcha (D:13)
  7 merfolk aquamancers
  6 boulder beetles
  8 stokers
  3 catoblepae (Lair:5)
  68 dancing weapons
  10 two-headed ogres
  4 alligators
  58 death scarabs
  10 centaur warriors
  A death knight (Vaults:3)
  A bennu skeleton (Crypt:1)
  A spectral stone giant (Tar:3)
  7 deep troll earth magi
  2 satyrs
  47 hell hogs
  A death yak (shapeshifter) (Depths:3)
  9 tengu warriors
  An Orb Guardian skeleton (Crypt:2)
  8 deep troll shamans
  23 vampire magi
  33 demonic crawlers
  A titan zombie (Crypt:3)
  9 death yaks
  14 naga sharpshooters
  2 spectral emperor scorpions (Pan)
  2 spectral nagas (Tar:3)
  23 orc high priests
  2 shock serpents (shapeshifter)
  11 shock serpents
  15 naga warriors
  20 deep elf knights
  2 spectral dire elephants
  Urug (D:13)
  2 storm dragon zombies
  7 hell knights
  An occultist (Depths:2)
  5 spriggan berserkers
  Sonja (Lair:2)
  A titan skeleton (Crypt:3)
  6 thrashing horrors (Abyss:3)
  68 soul eaters
  25 crystal echidnas
  A spectral storm dragon (Zig:13)
  A fire crab (Gauntlet)
  158 sun demons
  3 spriggans
  15 skysharks
  5 hellephant skeletons (Pan)
  25 shadow wraiths
  6 salamander mystics
  3 wretched stars
  A storm dragon skeleton (Zig:24)
  10 cherubim (Pan)
  A golden dragon zombie (Zig:3)
  58 skeletal warriors
  3 goliath frogs
  2 sea snakes (shapeshifter)
  16 sea snakes
  47 sixfirhies
  A spatial maelstrom (Abyss:4)
  10 iron trolls
  A death drake (shapeshifter) (Depths:3)
  66 deep trolls
  A death drake (Depths:4)
  15 flayed ghosts
  12 naga ritualists
  A bunyip zombie (Tomb:3)
  4 spectral anacondas
  7 quicksilver dragon simulacra
  11 spriggan simulacra
  4 anaconda zombies (Hell)
  2 bunyip skeletons
  4 bog bodies
  18 deep elf archers
  12 glowing orange brains
  11 mana vipers
  An iron giant skeleton (Crypt:3)
  45 shadow demons
  7 necromancers
  A spectral hydra (Tar:1)
  4 swamp dragons (Zig:14)
  19 orc knights
  8 obsidian statues
  19 sun moths (Pan)
  18 harpies
  7 arcanists
  3 golden dragon skeletons
  2 shadow dragon zombies (Zig:24)
  10 lindwurms
  24 phantasmal warriors
  2 orange crystal statues
  9 starcursed masses
  A spectral ettin (Tar:2)
  44 ugly things
  8 fauns
  19 ironbound convokers
  5 anaconda skeletons
  35 deep elf zephyrmancers
  A tengu zombie (Zig:3)
  A stone giant zombie (Abyss:2)
  2 tengu skeletons (Zig:24)
  2 wolf spiders
  A draconian (Abyss:4)
  13 shining eyes
  2 worldbinders
  29 orc sorcerers
  42 deep elf pyromancers
  A moth of wrath (shapeshifter) (Depths:3)
  9 cyclopes
  An alligator skeleton (Crypt:3)
  An oklob plant (Shoals:2)
  64 large abominations
  Maurice (D:10)
  A shadow dragon skeleton (Zig:24)
  20 manticores
  A manticore (shapeshifter) (Zig:12)
  16 salamanders
  2 will-o-the-wisps
  32 moths of wrath
  A centaur zombie (Tomb:2)
  An eleionoma zombie (Crypt:2)
  26 vault sentinels
  2 iron dragon skeletons (Zig:24)
  7 elephants
  13 eyes of devastation
  A cyclops (shapeshifter) (Depths:3)
  36 black mambas
  11 merfolk sirens
  11 guardian serpents
  15 naga magi
  13 kobold blastminers
  2 rust devils
  11 water nymphs
  89 smoke demons
  2 gargoyles
  3 titan simulacra
  5 ice statues
  2 torpor snails (Lair:4)
  3 rime drakes
  A storm dragon simulacrum (Coc:1)
  A mana viper zombie (Crypt:3)
  A dire elephant skeleton (Crypt:3)
  16 molten gargoyles
  3 unseen horrors
  17 cane toads
  A white draconian zombie (Crypt:1)
  54 orange demons
  4 centaur skeletons
  9 komodo dragons
  32 hellions
  An unseen horror (shapeshifter) (D:15)
  Jeremiah (D:8)
  12 yaktaurs
  Maggie (D:7)
  9 anaconda simulacra
  17 efreet (Pan)
  7 ice devils
  34 tormentors
  2 bunyip simulacra (Coc:2)
  13 freezing wraiths
  2 tengu conjurers
  2 iron giant simulacra (Coc:7)
  A yaktaur (shapeshifter) (Depths:4)
  2 golden dragon simulacra (Coc:7)
  3 sea snake skeletons (Hell)
  2 komodo dragons (shapeshifter)
  2 harpy zombies
  33 hellwings
  3 ancient zymes
  68 guardian mummies
  12 spectral harpies
  15 trolls
  A hydra zombie (Hell)
  10 red devils (Pan)
  27 merfolk
  2 harpy skeletons (Crypt:1)
  2 polar bears
  5 silent spectres
  An alligator simulacrum (IceCv)
  5 bloated husks
  Grinder (D:4)
  10 hornets
  3 guardian serpent zombies
  A blink frog (shapeshifter) (Zig:22)
  17 blink frogs
  A glass eye (shapeshifter) (Depths:3)
  9 wind drakes
  A hydra skeleton (Hell)
  4 raiju
  16 glass eyes
  16 dream sheep
  18 snapping turtles
  2 ettin skeletons (Crypt:3)
  3 iron dragon simulacra
  A culicivora (Zig:5)
  11 dire elephant simulacra
  157 slime creatures
  9 air elementals
  6 wyverns
  17 ushabtiu
  23 water elementals
  14 wraiths
  67 ynoxinuls
  40 yaks
  16 wargs
  16 fire elementals
  16 golden eyes
  A hog (D:15)
  4 basilisks
  A steam dragon (Lair:4)
  43 neqoxecs
  4 fire bats (Gauntlet)
  9 redbacks
  11 vampire mosquitoes
  49 chaos spawn
  3 glowing shapeshifter zombies (Zig:24)
  2 swamp worms (shapeshifter)
  8 minotaur simulacra (IceCv)
  13 harpy simulacra
  A cane toad zombie (Crypt:2)
  29 nagas
  A hydra simulacrum (IceCv)
  3 glowing shapeshifter skeletons
  13 water moccasins
  6 hell hounds
  A cane toad skeleton (Crypt:1)
  A sky beast (D:8)
  70 orc warriors
  A swamp drake (Zig:9)
  A merfolk simulacrum (Coc:2)
  4 black bears
  7 naga skeletons
  2 swamp dragon zombies
  9 ice beasts
  6 small abominations
  24 wolves
  18 laughing skulls
  4 ettin simulacra
  24 ogres
  7 centaurs
  4 lemures
  A komodo dragon zombie (Crypt:2)
  A phantom (D:5)
  6 kobold brigands
  10 bullfrogs
  3 weeping skulls
  A naga simulacrum (Coc:7)
  2 necrophages
  A gnoll sergeant (D:11)
  11 deep troll simulacra (IceCv)
  15 earth elementals
  2 scorpions (Lair:4)
  4 wights (D:7)
  3 spriggan zombies
  10 killer bees
  A lindwurm simulacrum (IceCv)
  A wolf zombie (Crypt:3)
  4 electric eels
  2 howler monkeys (D:6)
  A crimson imp (Abyss:3)
  2 bombardier beetles
  A quasit (Abyss:3)
  2 hounds (D:6)
  3 jellies
  Crazy Yiuf (D:4)
  A bullfrog skeleton (Crypt:1)
  8 iron imps
  47 orc priests
  A sleepcap (D:4)
  A human skeleton (Crypt:1)
  3 iguanas
  40 orc wizards
  15 hell rats
  A killer bee zombie (Crypt:2)
  An ice beast zombie (Crypt:2)
  3 centaur simulacra
  74 mummies
  A killer bee simulacrum (D:9)
  Robin (D:2)
  8 gnolls
  4 adders
  A shadow imp (D:6)
  A howler monkey simulacrum (D:9)
  5 white imps
  3 ufetubi
  An adder skeleton (D:2)
  A dart slug (D:2)
  A ribbon worm (D:3)
  75 orcs
  A bat skeleton (D:2)
  6 endoplasms
  5 giant cockroaches
  11 goblins
  11 hobgoblins
  4 jackals (D:2)
  2 quokkas
  11 ball pythons
  2 ball python skeletons (D:2)
  2 bats
  2 frilled lizards
  A giant cockroach zombie (D:2)
  2 gnoll skeletons (Crypt:3)
  26 kobolds
  2 quokka skeletons
  A quokka zombie (Crypt:1)
  5 rats
  A spectral hobgoblin (D:1)
  9 aspiring fleshes
  3 ball lightnings (Depths:3)
  4 creeping infernos
  13 fire vortices
  A lurking horror (Abyss:2)
  3 starspawn tentacles (Abyss:3)
5847 creatures vanquished.

Vanquished Creatures (collateral kills)
  Gloorx Vloq (Pan)
  A juggernaut (Depths:4)
  Parghit (Zot:2)
  2 doom hounds
  A Tzitzimitl (Pan)
  A tentacled monstrosity (Zot:1)
  4 Orb Guardians (Zot:5)
  Zenata (Vaults:2)
  Asterion (Vaults:2)
  A tainted leviathan (Tar:7)
  An Executioner (Pan)
  An ancient champion (Crypt:3)
  An acid blob (Zig:21)
  3 protean progenitors (Pan)
  A shadow dragon (Zig:2)
  2 rockslimes
  A fire giant (Depths:4)
  A draconian knight (Depths:4)
  A frost giant (Depths:4)
  A draconian stormcaller (Zot:3)
  2 cacodemons (Pan)
  3 reapers
  A quicksilver ooze (Zig:21)
  An ironbound preserver (Zig:22)
  A white draconian (Zot:4)
  A vampire knight (Zig:17)
  2 green draconians
  2 red draconians
  2 blizzard demons (Pan)
  An eidolon (Tar:7)
  A mummy priest (Tomb:2)
  A dancing weapon (Elf:2)
  A demonic crawler (Pan)
  A spectral naga (Tar:1)
  A spectral emperor scorpion (Pan)
  A deep elf knight (Elf:2)
  3 skeletal warriors
  3 shadow demons (Pan)
  A golden dragon skeleton (Crypt:3)
  A deep elf zephyrmancer (Zig:10)
  2 phantasmal warriors
  A faun (Zot:2)
  A moth of wrath (Zot:1)
  5 orange demons (Pan)
  2 smoke demons (Pan)
  A large abomination (Pan)
  A guardian mummy (Tomb:3)
  An ice devil (Pan)
  A tengu conjurer (Depths:2)
  A spectral harpy (Geh:4)
  A hellwing (Pan)
  A harpy skeleton (Crypt:3)
  2 ynoxinuls (Pan)
  A small abomination (Abyss:3)
  A water elemental (Depths:3)
  An ushabti (Zig:24)
  A golden eye (Slime:4)
  A chaos spawn (Pan)
  3 neqoxecs (Pan)
  3 harpy simulacra
  A necrophage (Crypt:3)
  14 mummies
  An ufetubus (Abyss:2)
  An aspiring flesh (Pan)
  2 foxfires (Lair:2)
107 creatures vanquished.

Vanquished Creatures (others)
  An eldritch tentacle (Pan)
  An ettin (Depths:3)
  A juggernaut simulacrum (Coc:7)
  A dancing weapon (Elf:2)
  A spriggan (Zig:14)
  A bog body (Zig:14)
  3 hornets
  A ynoxinul (Pan)
  2 humans (D:15)
  A hell rat (Hell)
  143 ball lightnings
  2 creeping infernos (Geh:5)
  1525 fire vortices
  458 foxfires
  A starspawn tentacle (Abyss:3)
2142 creatures vanquished.

Grand Total: 8096 creatures vanquished

Notes
Turn   | Place    | Note
-------+----------+-------------------------------------------
     0 | D:1      | TheSexyCheese the Gargoyle Fire Elementalist began the
                  | quest for the Orb.
     0 | D:1      | Reached XP level 1. HP: 10/10 MP: 3/3
   260 | D:1      | Found a faded altar of an unknown god.
   317 | D:1      | Reached XP level 2. HP: 16/16 MP: 1/5
   602 | D:1      | Reached skill level 1 in Fighting
   662 | D:1      | Learned a level 2 spell: Scorch
   756 | D:2      | Reached XP level 3. HP: 20/20 MP: 1/6
  1339 | D:2      | Noticed Robin
  1355 | D:2      | Killed Robin
  1356 | D:2      | Reached XP level 4. HP: 13/25 MP: 1/7
  2231 | D:3      | Reached XP level 5. HP: 27/30 MP: 3/9
  2724 | D:3      | Identified the +4 short sword "Gargoyle's Death" {freeze,
                  | rCorr Str+2 Int+3}
  2992 | D:3      | Noticed an ice beast
  2995 | D:3      | Killed an ice beast
  2996 | D:3      | Reached XP level 6. HP: 37/37 MP: 3/11
  3284 | D:4      | Noticed Pikel
  3712 | D:4      | Learned a level 3 spell: Inner Flame
  4035 | D:4      | Identified the ring of Seam {rN+ Will+ Int+3 Dex+5}
  4172 | D:4      | Noticed Grinder
  4215 | D:4      | Killed Grinder
  4216 | D:4      | Reached XP level 7. HP: 42/42 MP: 12/12
  4679 | D:4      | Learned a level 4 spell: Flame Wave
  4704 | D:4      | Found a runed translucent door.
  4730 | D:4      | Noticed Crazy Yiuf
  4764 | D:4      | Killed Crazy Yiuf
  5074 | D:5      | Entered Level 5 of the Dungeon
  5089 | D:5      | Reached skill level 5 in Fire Magic
  5458 | D:5      | Reached XP level 8. HP: 48/48 MP: 14/14
  5695 | D:5      | Reached skill level 5 in Conjurations
  5843 | D:5      | Reached skill level 5 in Fighting
  6307 | D:6      | Reached skill level 5 in Spellcasting
  6755 | D:6      | Reached XP level 9. HP: 54/55 MP: 13/17
  6817 | D:6      | Found a basalt altar of Yredelemnul.
  6979 | D:6      | Found a sacrificial altar of Ru.
  7555 | D:7      | Noticed Maggie
  7566 | D:7      | Killed Maggie
  8139 | D:7      | Found a staircase to the Ecumenical Temple.
  8152 | Temple   | Entered the Ecumenical Temple
  8194 | Temple   | Became a worshipper of Vehumet
  8355 | D:7      | Identified the +0 barding "Fimnuad" {^Contam rElec Will+++
                  | rCorr}
  8449 | D:8      | Noticed a hornet
  8453 | D:8      | Killed a hornet
  8601 | D:8      | Noticed Jeremiah
  8614 | D:8      | Killed Jeremiah
  8725 | D:8      | Found an opulent altar of Gozag.
  8733 | D:8      | Identified the +2 robe of the Glamorous God {rPois Will-
                  | Stlth+ Archmagi}
  8813 | D:8      | Identified the +0 robe of Cilotil {+Inv Fly Will+ Slay+2}
  8836 | D:8      | Found Gozag's Platinum Reserve.
  8907 | D:8      | Learned a level 5 spell: Fireball
  8908 | D:8      | Found Icaawkinask's Jewellery Shoppe.
  8930 | D:8      | Found Eciegeakk's Jewellery Emporium.
  8937 | D:8      | Found a staircase to the Lair.
  8952 | D:8      | Reached XP level 10. HP: 63/63 MP: 19/19
  9085 | D:8      | Reached * piety under Vehumet
  9085 | D:8      | Offered knowledge of Sandblast by Vehumet.
  9453 | D:8      | Found Orouqah's General Store.
  9461 | D:8      | Bought a scroll of blinking for 97 gold pieces
 10064 | D:9      | Found a staircase to the Orcish Mines.
 10091 | D:9      | Offered knowledge of Momentum Strike by Vehumet.
 10137 | D:9      | Reached ** piety under Vehumet
 10685 | D:9      | Found a bloodstained altar of Trog.
 10778 | D:9      | Identified the +2 dagger of the Sea {heavy, *Corrode rN+
                  | Dex+3}
 11133 | Orc:1    | Entered Level 1 of the Orcish Mines
 11188 | Lair:1   | Entered Level 1 of the Lair of Beasts
 11188 | Lair:1   | Noticed a cane toad
 11188 | Lair:1   | Noticed a black mamba
 11260 | Lair:1   | Killed a cane toad
 11261 | Lair:1   | Killed a black mamba
 11453 | Lair:1   | Noticed a black mamba
 11455 | Lair:1   | Reached XP level 11. HP: 69/69 MP: 22/22
 12079 | Lair:1   | Offered knowledge of Hailstorm by Vehumet.
 12613 | Lair:2   | Reached skill level 10 in Conjurations
 12722 | Lair:2   | Reached skill level 10 in Fighting
 12724 | Lair:2   | Noticed a skyshark
 12881 | Lair:2   | Noticed a skyshark
 12883 | Lair:2   | Killed a skyshark
 12890 | Lair:2   | Reached skill level 10 in Fire Magic
 12891 | Lair:2   | Killed a skyshark
 12891 | Lair:2   | Reached *** piety under Vehumet
 12892 | Lair:2   | Reached XP level 12. HP: 54/78 MP: 12/25
 13193 | Lair:2   | Noticed Sonja
 13197 | Lair:2   | Killed Sonja
 13394 | Lair:2   | Noticed a six-headed hydra
 13398 | Lair:2   | Noticed a four-headed hydra
 13401 | Lair:2   | Killed a six-headed hydra
 13405 | Lair:2   | Killed a four-headed hydra
 13652 | Lair:2   | Noticed a skyshark
 13656 | Lair:2   | Killed a skyshark
 14243 | Lair:3   | Offered knowledge of Ignite Poison by Vehumet.
 14560 | Lair:3   | Found a staircase to the Snake Pit.
 14792 | Lair:3   | Found a staircase to the Shoals.
 15333 | Lair:4   | Reached skill level 10 in Spellcasting
 15647 | Lair:4   | Noticed a six-headed hydra
 15650 | Lair:4   | Reached **** piety under Vehumet
 15651 | Lair:4   | Noticed an alligator
 15651 | Lair:4   | Killed a six-headed hydra
 15652 | Lair:4   | Reached XP level 13. HP: 85/85 MP: 12/27
 16002 | Lair:4   | Offered knowledge of Dazzling Flash by Vehumet.
 17075 | Lair:4   | Reached ***** piety under Vehumet
 17181 | Lair:5   | Entered Level 5 of the Lair of Beasts
 17185 | Lair:5   | Offered knowledge of Airstrike by Vehumet.
 17698 | Lair:4   | Learned a level 6 spell: Conjure Ball Lightning
 18158 | Lair:5   | Gained mutation: Your large and strong wings let you fly.
                  | [Gargoyle growth]
 18158 | Lair:5   | Reached XP level 14. HP: 93/94 MP: 29/29
 19064 | Lair:5   | Found a staircase to the Slime Pits.
 19352 | Lair:5   | Offered knowledge of Ozocubu's Refrigeration by Vehumet.
 19655 | Lair:5   | Identified the +5 quarterstaff "Impbane" {protect, rPois}
 20384 | Orc:1    | Found a transporter.
 20389 | Orc:1    | Noticed a stone giant
 20390 | Orc:1    | Found a transporter.
 20454 | Orc:2    | Entered Level 2 of the Orcish Mines
 20950 | Orc:2    | Offered knowledge of Plasma Beam by Vehumet.
 21412 | Orc:2    | Found Vorof's Assorted Antiques.
 21613 | Orc:2    | Found Nueluihest's Distillery.
 21613 | Orc:2    | Found Lissyrel's Book Shoppe.
 21614 | Orc:2    | Found Nuobot's General Store.
 21618 | Orc:2    | Found Touleala's General Store.
 21622 | Orc:2    | Bought a wand of iceblast (6) for 259 gold pieces
 21622 | Orc:2    | Bought a scroll of blinking for 135 gold pieces
 21623 | Orc:2    | Bought a scroll of identify for 26 gold pieces
 21623 | Orc:2    | Bought a scroll of identify for 26 gold pieces
 21655 | Orc:2    | Bought a scroll of identify for 54 gold pieces
 21655 | Orc:2    | Bought a scroll of fear for 108 gold pieces
 21833 | Orc:2    | Found a staircase to the Elven Halls.
 22293 | Orc:2    | Learned a level 6 spell: Plasma Beam
 22360 | Orc:1    | Noticed an orc warlord
 22531 | Orc:2    | Killed an orc warlord
 22924 | Orc:2    | Bought a potion of heal wounds for 70 gold pieces
 22924 | Orc:2    | Bought a potion of haste for 140 gold pieces
 22924 | Orc:2    | Bought 2 potions of heal wounds for 140 gold pieces
 22999 | D:10     | Entered Level 10 of the Dungeon
 23015 | D:10     | Found Ebaleiti's Magic Scroll Shoppe.
 23082 | D:10     | Bought a scroll of identify for 26 gold pieces
 23082 | D:10     | Bought a scroll of poison for 52 gold pieces
 23082 | D:10     | Bought a scroll of teleportation for 39 gold pieces
 23082 | D:10     | Bought a scroll of summoning for 123 gold pieces
 23082 | D:10     | Bought a scroll of identify for 26 gold pieces
 23082 | D:10     | Bought a scroll of identify for 26 gold pieces
 23414 | D:10     | Noticed Maurice
 23416 | D:10     | Killed Maurice
 23764 | D:11     | Noticed Snorg
 23769 | D:11     | Killed Snorg
 23770 | D:11     | Reached XP level 15. HP: 100/100 MP: 18/31
 24256 | D:11     | Noticed Josephine
 24264 | D:11     | Offered knowledge of Starburst by Vehumet.
 24267 | D:11     | Killed Josephine
 25114 | D:13     | Noticed Urug
 25118 | D:13     | Killed Urug
 25259 | D:13     | You are sucked into a shaft and drop 2 floors!
 25259 | D:15     | Entered Level 15 of the Dungeon
 25260 | D:15     | Found a hazy altar of Hepliaklqana.
 25319 | D:15     | Found a gate leading to a gauntlet.
 25328 | Gauntlet | Entered a Gauntlet
 25328 | Gauntlet | Found a transporter.
 25358 | Gauntlet | Found a transporter.
 25372 | Gauntlet | Found a transporter.
 25377 | Gauntlet | Found a transporter.
 25392 | Gauntlet | Found a transporter.
 25408 | Gauntlet | Found a transporter.
 25423 | Gauntlet | Found a transporter.
 25442 | Gauntlet | Found a transporter.
 25461 | Gauntlet | Found a transporter.
 25465 | Gauntlet | Noticed a cacodemon
 25467 | Gauntlet | Found a transporter.
 25467 | Gauntlet | Found a transporter.
 25482 | Gauntlet | Found a transporter.
 25506 | Gauntlet | Found a transporter.
 25525 | Gauntlet | Found a transporter.
 25550 | Gauntlet | Found a transporter.
 25552 | Gauntlet | Found a transporter.
 25574 | Gauntlet | Found a transporter.
 25576 | Gauntlet | Found a transporter.
 25839 | Gauntlet | Identified the ring "Pauf" {Fly rC+ Str-3 Dex+5}
 25863 | Gauntlet | Identified the +4 acid dragon scales of Keiqimop {rPois
                  | rCorr Str-2 Dex+5 Stlth+}
 25870 | Gauntlet | Identified the blade talisman of a treasure trove {rPois}
 25948 | D:15     | Learned a level 6 spell: Starburst
 26152 | D:15     | Reached skill level 15 in Conjurations
 26238 | D:15     | Noticed Roxanne
 26502 | D:15     | Reached skill level 15 in Fighting
 26551 | D:15     | Noticed Kirke
 26555 | D:15     | Killed Kirke
 27123 | D:15     | Found a staircase to the Depths.
 28125 | D:14     | Reached XP level 16. HP: 76/108 MP: 33/33
 28125 | D:14     | Offered knowledge of Yara's Violent Unravelling by Vehumet.
 28339 | D:14     | Found Zyamuamm's Assorted Antiques.
 28468 | D:13     | Noticed Erolcha
 28469 | D:13     | Killed Erolcha
 28737 | D:13     | Found Hein's Weapon Emporium.
 28740 | D:13     | Bought 2 throwing nets for 108 gold pieces
 28952 | D:13     | Found a gate to the Vaults.
 29018 | D:13     | Found a runed translucent door.
 29019 | D:13     | Noticed Yqoodd's ghost (journeyman GnWr)
 29387 | D:13     | Killed Yqoodd's ghost
 29519 | D:14     | Bought 2 scrolls labelled BUOQOLECUU for 64 gold pieces
 29620 | D:12     | Found a portal to a secret trove of treasure.
 30410 | Snake:1  | Entered Level 1 of the Snake Pit
 30415 | Snake:1  | Reached skill level 15 in Fire Magic
 30735 | Snake:1  | Found a glacial archway.
 30749 | IceCv    | Entered an ice cave
 31312 | IceCv    | Offered knowledge of Spellforged Servitor by Vehumet.
 31782 | IceCv    | Noticed an Ice Fiend
 31792 | IceCv    | Killed an Ice Fiend
 32309 | Snake:1  | Reached skill level 1 in Earth Magic
 32506 | Snake:1  | Found Xuikku's Armour Emporium.
 32506 | Snake:1  | Found Giutwaat's Antique Weapon Shoppe.
 32510 | Snake:1  | Found Emulofar's Antique Armour Emporium.
 32734 | Snake:1  | Found Huimet's Self-Published Books.
 32740 | Snake:1  | Learned a level 3 spell: Stone Arrow
 32917 | Snake:1  | Found a runed translucent door.
 32920 | Snake:1  | Noticed Smee's ghost (adept MiFi)
 32921 | Snake:1  | Found a shimmering altar of Xom.
 33089 | Snake:2  | Reached XP level 17. HP: 116/116 MP: 33/35
 34825 | Snake:3  | Noticed Mlioglotl
 34830 | Snake:3  | Killed Mlioglotl
 34979 | Snake:3  | Found a glowing silver altar of Zin.
 35159 | Snake:3  | Reached skill level 5 in Earth Magic
 35594 | Snake:3  | Offered knowledge of Ignition by Vehumet.
 36005 | Snake:4  | Entered Level 4 of the Snake Pit
 36162 | Snake:4  | Learned a level 8 spell: Ignition
 36172 | Snake:4  | Learned a level 4 spell: Ignite Poison
 37728 | Snake:4  | Reached XP level 18. HP: 123/124 MP: 10/36
 38413 | Snake:4  | Reached skill level 15 in Spellcasting
 38729 | Snake:4  | Got a serpentine rune of Zot
 38976 | Shoals:1 | Entered Level 1 of the Shoals
 39300 | Shoals:1 | Identified a scroll of acquirement
 39315 | Shoals:1 | Acquired 1251 gold pieces
 39516 | Shoals:1 | Reached ****** piety under Vehumet
 40176 | Shoals:1 | Found Afebbot's Antique Armour Emporium.
 40181 | Shoals:1 | Bought a slimy robe for 222 gold pieces
 40181 | Shoals:1 | Identified the +3 robe of Duck's Teeth {rPois rC- Str+2
                  | Dex+6} (You bought it in a shop on level 1 of the Shoals)
 40181 | Shoals:1 | Bought a twisted robe for 222 gold pieces
 40181 | Shoals:1 | Identified the +2 robe of Slovenliness {Will+ Regen+ Slay+3
                  | SInv} (You bought it in a shop on level 1 of the Shoals)
 40642 | Shoals:2 | Found Qierey's Antique Weapon Shoppe.
 40831 | Shoals:2 | Offered knowledge of Fire Storm by Vehumet.
 40831 | Shoals:2 | Offered knowledge of Shatter by Vehumet.
 40831 | Shoals:2 | Offered knowledge of Chain Lightning by Vehumet.
 40941 | Shoals:2 | Found a broken altar of Ashenzari.
 42818 | Shoals:3 | Identified the +3 pair of boots "Oseeh" {rN+}
 42971 | Shoals:4 | Entered Level 4 of the Shoals
 43284 | Shoals:4 | Reached XP level 19. HP: 130/130 MP: 17/38
 44657 | Shoals:4 | Got a barnacled rune of Zot
 45009 | Elf:1    | Entered Level 1 of the Elven Halls
 45265 | Elf:1    | Reached skill level 1 in Staves
 45507 | Elf:1    | Noticed Azrael
 45540 | Elf:1    | Reached skill level 10 in Earth Magic
 45803 | Orc:2    | Learned a level 8 spell: Lehudib's Crystal Spear
 46341 | Elf:1    | Paralysed by an air elemental for 1 turns
 46563 | Elf:1    | Got Pica's Anthology of the Cemetery
 47153 | Elf:1    | Killed Azrael
 47643 | Elf:1    | You are sucked into a shaft and drop 1 floor!
 47643 | Elf:2    | Found a runed translucent gate.
 47643 | Elf:2    | Found a runed translucent gate.
 47643 | Elf:2    | Found a runed translucent gate.
 48538 | Elf:2    | Reached XP level 20. HP: 131/137 MP: 28/40
 48930 | Elf:2    | Found a radiant altar of Vehumet.
 49399 | Elf:2    | Identified the blade talisman "Biar" {rPois rC+ Int-5 SInv}
 49774 | Vaults:1 | Entered Level 1 of the Vaults
 50493 | Vaults:1 | Found Neukas's Weapon Emporium.
 50577 | Vaults:1 | Acquired 1112 gold pieces
 51024 | Vaults:1 | Reached skill level 5 in Staves
 52681 | Vaults:2 | Noticed Jory
 52696 | Vaults:2 | Noticed Asterion
 52704 | Vaults:2 | Killed Asterion
 52733 | Vaults:2 | You are sucked into a shaft and drop 1 floor!
 53210 | Elf:3    | Entered Level 3 of the Elven Halls
 53407 | Elf:3    | Found Weca Que's Armour Emporium.
 54131 | D:14     | Bought a potion of haste for 320 gold pieces
 54303 | Orc:2    | Bought a potion of heal wounds for 135 gold pieces
 54482 | Elf:3    | Learned a level 9 spell: Fire Storm
 54676 | Elf:3    | Noticed a Brimstone Fiend
 54914 | Elf:3    | Reached XP level 21. HP: 125/144 MP: 41/41
 54934 | Elf:3    | Identified the staff "Zoyd Pydd" {rElec rC+ Dex+3 Air}
 54950 | Elf:3    | Found the +8 trishula "Condemnation" {holy, anguish, *Noise
                  | Fly rN+}
 55421 | Elf:3    | Identified the amulet "Lucac Tomm" {Acrobat rElec rC+} (You
                  | took it off a deep elf sorcerer on level 3 of the Elven
                  | Halls)
 55435 | Elf:3    | Identified the +5 morningstar "Gose" {spect, rElec Will+
                  | rCorr}
 55435 | Elf:3    | Identified the ring "Xugaag" {Fly rF+}
 55540 | Elf:3    | Identified the staff "Qutan" {rElec rC+ rCorr Air}
 55593 | Elf:3    | Identified the +1 halberd of Integrity {heavy, Dex+3}
 55632 | Elf:3    | Identified the +8 plate armour "Ystod" {Rampage} (You took
                  | it off a deep elf high priest on level 3 of the Elven
                  | Halls)
 56186 | Vaults:2 | Noticed Zenata
 56857 | Vaults:2 | Identified the +1 dagger "Fera Kuxt" {pain, rPois Str+4
                  | Dex+4}
 57608 | Vaults:2 | Killed Zenata
 57612 | Vaults:2 | Killed Jory
 57990 | Vaults:2 | Found Duol Bamn's Jewellery Emporium.
 59166 | Vaults:2 | Found Curu's Weapon Boutique.
 59180 | Vaults:2 | Found a runed translucent gate.
 59180 | Vaults:2 | Found a runed translucent gate.
 59180 | Vaults:2 | Found a runed translucent gate.
 59187 | Vaults:2 | Noticed Kipt's ghost (adept SpFE)
 59443 | Vaults:2 | Found an iron altar of Okawaru.
 59798 | Vaults:3 | Noticed Norris
 59806 | Vaults:3 | Killed Norris
 60566 | Vaults:3 | Reached XP level 22. HP: 152/152 MP: 24/43
 60827 | Vaults:3 | Found the +27 heavy crossbow "Sniper" {heavy, Acc+∞ SInv}
 61382 | Vaults:3 | You are sucked into a shaft and drop 1 floor!
 63385 | Vaults:3 | Found a staircase to the Crypt.
 63428 | Vaults:3 | Noticed Sojobo
 64270 | Depths:1 | Entered Level 1 of the Depths
 64779 | Slime:1  | Entered Level 1 of the Pits of Slime
 66243 | Slime:3  | Reached XP level 23. HP: 85/158 MP: 44/44
 67733 | Slime:5  | Entered Level 5 of the Pits of Slime
 67811 | Slime:5  | Noticed the Royal Jelly
 67814 | Slime:5  | Killed the Royal Jelly
 67815 | Slime:5  | Reached skill level 10 in Staves
 68092 | Slime:5  | Identified the +2 pair of boots of Light {rElec}
 68098 | Slime:5  | Got a slimy rune of Zot
 68129 | Slime:5  | Identified the staff of Gin and Tonic {Fly rElec rC++
                  | Stlth- Air}
 68144 | Slime:5  | Reached skill level 15 in Earth Magic
 68435 | Slime:5  | Identified the +0 leather armour of Supple Strength {Str+3
                  | Dex+5}
 68493 | Slime:5  | Identified the +0 plate armour of the Hairy God {+Blink Fly
                  | Dex+3 Stlth-}
 69541 | Depths:1 | Noticed Dolerph's ghost (adept DrSh)
 70309 | Depths:1 | Found a runed translucent gate.
 70309 | Depths:1 | Found a runed translucent gate.
 70311 | Depths:1 | Found a runed translucent gate.
 70404 | Depths:1 | You are sucked into a shaft and drop 1 floor!
 70768 | Depths:2 | Found a gateway to Hell.
 70817 | Depths:2 | Found Sir Lasa's Assorted Antiques.
 70823 | Depths:2 | Bought a scroll of teleportation for 111 gold pieces
 70823 | Depths:2 | Bought a potion of haste for 370 gold pieces
 70823 | Depths:2 | Bought a scroll of teleportation for 111 gold pieces
 70823 | Depths:2 | Bought a potion of curing for 111 gold pieces
 70860 | Depths:2 | Noticed a caustic shrike
 70863 | Depths:2 | Killed a caustic shrike
 71463 | Depths:2 | Found a one-way gate leading to the halls of Pandemonium.
 72467 | Depths:1 | Noticed a caustic shrike
 72473 | Depths:1 | Killed a caustic shrike
 72474 | Depths:1 | Reached XP level 24. HP: 149/166 MP: 30/45
 74051 | Depths:3 | Paralysed by an air elemental for 1 turns
 74746 | Depths:3 | Paralysed by an air elemental for 1 turns
 75749 | Depths:3 | Got the Parchment of Saltpetre
 76029 | Depths:3 | Found a one-way gate to the infinite horrors of the Abyss.
 76088 | Depths:3 | Got the Octavo of Hexes and Accomplices
 76091 | Depths:3 | Identified the +7 arbalest of Liddocelo {heavy, rN+}
 76128 | Depths:3 | Identified the ring of Niati {Ice Int+2 Dex+3}
 76531 | Depths:4 | Entered Level 4 of the Depths
 76539 | Depths:4 | Noticed a juggernaut
 77340 | Depths:4 | Noticed a juggernaut
 77354 | Depths:4 | Killed a juggernaut
 78016 | Depths:4 | Reached XP level 25. HP: 173/173 MP: 45/45
 78018 | Depths:4 | Killed a juggernaut
 78914 | Depths:4 | Found a one-way gateway to a ziggurat.
 78975 | Depths:4 | Found a gate to the Realm of Zot.
 79005 | Depths:4 | Identified the +8 spear of Outrage {flame, Fly rN+ Int+3}
 80267 | Depths:4 | Got the Anthology of Malevolent Deeds
 81033 | Crypt:1  | Entered Level 1 of the Crypt
 81142 | Crypt:1  | Learned a level 9 spell: Shatter
 81580 | Crypt:1  | Noticed Vv
 81587 | Crypt:1  | Killed Vv
 83137 | Crypt:2  | Found a runed translucent door.
 83137 | Crypt:2  | Noticed Ulecsuczon's ghost (veteran MiGl)
 83364 | Crypt:3  | Entered Level 3 of the Crypt
 83985 | Crypt:3  | Reached XP level 26. HP: 181/181 MP: 42/46
 84335 | Crypt:3  | Noticed a dread lich
 84338 | Crypt:3  | Killed a dread lich
 85037 | Crypt:3  | Found a staircase to the Tomb.
 85320 | Crypt:3  | Found an ancient bone altar of Kikubaaqudgha.
 85394 | Crypt:3  | Identified the +6 whip of Extinguishment {vamp, rElec rF-
                  | Int+6 Stlth+}
 85404 | Crypt:3  | Identified the staff "Hydra's Demise" {rPois rN+ Dex+2
                  | Necro}
 85405 | Crypt:3  | Identified the +10 war axe of Terra Cotta {venom, rF- rN+
                  | Str+2}
 85438 | Crypt:3  | Identified the +1 scale mail "Uniyhami" {-Cast rPois Dex+2}
 85587 | Crypt:3  | Identified the ring "Qameydung" {rElec rN+ rCorr}
 85587 | Crypt:3  | Identified the amulet "Nutel" {rElec Regen+ Dex+2}
 85587 | Crypt:3  | Identified the ring of Wuzidd {+Blink rN+ rCorr Str+3}
 86086 | Vaults:3 | Killed Sojobo
 86364 | Zot:1    | Entered Level 1 of the Realm of Zot
 86372 | Zot:1    | Reached skill level 1 in Air Magic
 87071 | D:14     | Bought a potion of brilliance for 128 gold pieces
 88143 | Zot:2    | Noticed Parghit
 88403 | Zot:2    | Identified the amulet "Pujoenk" {Faith rCorr}
 88406 | Zot:2    | Reached XP level 27. HP: 172/189 MP: 46/47
 88411 | Zot:2    | Reached skill level 5 in Air Magic
 88412 | Zot:2    | Noticed Grunn
 88414 | Zot:2    | Killed Grunn
 89257 | Zot:2    | Noticed an orb of fire
 89265 | Zot:2    | Killed an orb of fire
 89306 | Zot:2    | Killed Parghit
 91247 | Zot:4    | Noticed an orb of fire
 91253 | Zot:4    | Killed an orb of fire
 91438 | Zot:4    | Identified the +3 falchion of Fate {pain, MP+9 Stlth+}
 93094 | Zot:5    | Entered Level 5 of the Realm of Zot
 93361 | Zot:5    | Reached skill level 10 in Air Magic
 93994 | Zot:5    | Noticed an ancient lich
 93997 | Zot:5    | Killed an ancient lich
 94454 | Zot:5    | Noticed an orb of fire
 94455 | Zot:5    | Gained mutation: You are weak. (Str -2) [an orb of fire]
 94465 | Zot:5    | Gained mutation: Your body sometimes deteriorates upon
                  | taking damage. [an orb of fire]
 94474 | Zot:5    | Killed an orb of fire
 94520 | Zot:5    | Noticed an orb of fire
 94555 | Zot:5    | Gained mutation: Armour fits poorly on your strangely
                  | shaped body. [an orb of fire]
 94557 | Zot:5    | Killed an orb of fire
 94623 | Zot:4    | Lost mutation: Your body sometimes deteriorates upon taking
                  | damage. [potion of mutation]
 94623 | Zot:4    | Lost mutation: Armour fits poorly on your strangely shaped
                  | body. [potion of mutation]
 94623 | Zot:4    | Lost mutation: You are weak. (Str -2) [potion of mutation]
 94623 | Zot:4    | Gained mutation: You are agile. (Dex +4, Str/Int -1)
                  | [potion of mutation]
 94623 | Zot:4    | Gained mutation: You are vulnerable to cold. (rC-) [potion
                  | of mutation]
 94623 | Zot:4    | Gained mutation: Your body sometimes deteriorates upon
                  | taking damage. [potion of mutation]
 94629 | Zot:4    | Lost mutation: You are agile. (Dex +4, Str/Int -1) [potion
                  | of mutation]
 94629 | Zot:4    | Lost mutation: You are vulnerable to cold. (rC-) [potion of
                  | mutation]
 94629 | Zot:4    | Gained mutation: Your body often deteriorates upon taking
                  | damage. [potion of mutation]
 94629 | Zot:4    | Gained mutation: You are frail. (-10% HP) [potion of
                  | mutation]
 94629 | Zot:4    | Gained mutation: Potions are less effective at restoring
                  | your health. [potion of mutation]
 94629 | Zot:4    | Gained mutation: Your spells are a little harder to cast,
                  | but a little more powerful. [potion of mutation]
 94630 | Zot:4    | Lost mutation: Potions are less effective at restoring your
                  | health. [potion of mutation]
 94630 | Zot:4    | Lost mutation: Your body often deteriorates upon taking
                  | damage. [potion of mutation]
 94630 | Zot:4    | Lost mutation: Your body sometimes deteriorates upon taking
                  | damage. [potion of mutation]
 94630 | Zot:4    | Gained mutation: You are weak. (Str -2) [potion of
                  | mutation]
 94630 | Zot:4    | Gained mutation: You possess an exceptional clarity of
                  | mind. [potion of mutation]
 94631 | Zot:4    | Lost mutation: You possess an exceptional clarity of mind.
                  | [potion of mutation]
 94631 | Zot:4    | Lost mutation: Your spells are a little harder to cast, but
                  | a little more powerful. [potion of mutation]
 94631 | Zot:4    | Gained mutation: You have a pair of small horns on your
                  | head. [potion of mutation]
 94631 | Zot:4    | Gained mutation: Your spells are a little easier to cast,
                  | but a little less powerful. [potion of mutation]
 94631 | Zot:4    | Gained mutation: You expend magic power (3 MP) to
                  | strengthen your wands. [potion of mutation]
 94632 | Zot:4    | Lost mutation: You expend magic power (3 MP) to strengthen
                  | your wands. [potion of mutation]
 94632 | Zot:4    | Lost mutation: You are frail. (-10% HP) [potion of
                  | mutation]
 94632 | Zot:4    | Lost mutation: You have a pair of small horns on your head.
                  | [potion of mutation]
 94632 | Zot:4    | Gained mutation: You are partially covered in large bone
                  | plates. (SH +4) [potion of mutation]
 94632 | Zot:4    | Gained mutation: Your flesh is cold resistant. (rC+)
                  | [potion of mutation]
 94632 | Zot:4    | Gained mutation: You are partially covered in iridescent
                  | scales. (AC +2) [potion of mutation]
 94633 | Zot:4    | Lost mutation: You are partially covered in large bone
                  | plates. (SH +4) [potion of mutation]
 94633 | Zot:4    | Lost mutation: You are weak. (Str -2) [potion of mutation]
 94633 | Zot:4    | Gained mutation: You occasionally lose the ability to drink
                  | potions when taking damage. [potion of mutation]
 94633 | Zot:4    | Gained mutation: Your mind is acute. (Int +4, Str/Dex -1)
                  | [potion of mutation]
 94634 | Zot:4    | Lost mutation: You are partially covered in iridescent
                  | scales. (AC +2) [potion of mutation]
 94634 | Zot:4    | Lost mutation: You occasionally lose the ability to drink
                  | potions when taking damage. [potion of mutation]
 94634 | Zot:4    | Gained mutation: You passively dampen the noise of your
                  | surroundings. [potion of mutation]
 94634 | Zot:4    | Gained mutation: Your muscles are strong. (Str +4, Int/Dex
                  | -1) [potion of mutation]
 94682 | Zot:5    | Noticed an orb of fire
 94848 | Zot:5    | Killed an orb of fire
 94865 | Zot:5    | Paralysed by a Zot trap for 2 turns
 95559 | Zot:5    | Noticed a dread lich
 95565 | Zot:5    | Killed a dread lich
 95664 | Zot:5    | Noticed an orb of fire
 95729 | Zot:5    | Killed an orb of fire
 95730 | Zot:5    | Reached skill level 27 in Fighting
 95926 | Zot:5    | Noticed an ancient lich
 95932 | Zot:5    | Killed an ancient lich
 95932 | Zot:5    | Noticed an orb of fire
 95966 | Zot:5    | Gained mutation: You have large cloven feet. [an orb of
                  | fire]
 95971 | Zot:5    | Gained mutation: You are occasionally teleported next to
                  | monsters. [an orb of fire]
 95976 | Zot:5    | Killed an orb of fire
 96059 | Zot:4    | Lost mutation: You have large cloven feet. [potion of
                  | mutation]
 96059 | Zot:4    | Lost mutation: Your spells are a little easier to cast, but
                  | a little less powerful. [potion of mutation]
 96059 | Zot:4    | Gained mutation: Your spells are a little harder to cast,
                  | but a little more powerful. [potion of mutation]
 96059 | Zot:4    | Gained mutation: You have a pair of small antennae on your
                  | head. [potion of mutation]
 96060 | Zot:4    | Lost mutation: You have a pair of small antennae on your
                  | head. [potion of mutation]
 96060 | Zot:4    | Lost mutation: Your spells are a little harder to cast, but
                  | a little more powerful. [potion of mutation]
 96060 | Zot:4    | Gained mutation: Your muscles are very strong. (Str +8,
                  | Int/Dex -2) [potion of mutation]
 96061 | Zot:4    | Lost mutation: You passively dampen the noise of your
                  | surroundings. [potion of mutation]
 96061 | Zot:4    | Lost mutation: Your muscles are very strong. (Str +8,
                  | Int/Dex -2) [potion of mutation]
 96061 | Zot:4    | Gained mutation: You occasionally lose the ability to read
                  | scrolls when taking damage. [potion of mutation]
 96062 | Zot:4    | Lost mutation: Your muscles are strong. (Str +4, Int/Dex
                  | -1) [potion of mutation]
 96062 | Zot:4    | Lost mutation: Your mind is acute. (Int +4, Str/Dex -1)
                  | [potion of mutation]
 96062 | Zot:4    | Gained mutation: You are partially covered in iridescent
                  | scales. (AC +2) [potion of mutation]
 96062 | Zot:4    | Gained mutation: You occasionally shout uncontrollably at
                  | your foes. [potion of mutation]
 96062 | Zot:4    | Gained mutation: Your flesh is heat resistant. (rF+)
                  | [potion of mutation]
 96063 | Zot:4    | Lost mutation: Your flesh is heat resistant. (rF+) [potion
                  | of mutation]
 96063 | Zot:4    | Lost mutation: Your flesh is cold resistant. (rC+) [potion
                  | of mutation]
 96063 | Zot:4    | Lost mutation: You are partially covered in iridescent
                  | scales. (AC +2) [potion of mutation]
 96063 | Zot:4    | Gained mutation: You possess an exceptional clarity of
                  | mind. [potion of mutation]
 96063 | Zot:4    | Gained mutation: Your magical capacity is low. (-10% MP)
                  | [potion of mutation]
 96064 | Zot:4    | Lost mutation: You occasionally shout uncontrollably at
                  | your foes. [potion of mutation]
 96064 | Zot:4    | Lost mutation: You possess an exceptional clarity of mind.
                  | [potion of mutation]
 96064 | Zot:4    | Gained mutation: Armour fits poorly on your strangely
                  | shaped body. [potion of mutation]
 96064 | Zot:4    | Gained mutation: You are agile. (Dex +4, Str/Int -1)
                  | [potion of mutation]
 96065 | Zot:4    | Lost mutation: You are agile. (Dex +4, Str/Int -1) [potion
                  | of mutation]
 96065 | Zot:4    | Lost mutation: You are occasionally teleported next to
                  | monsters. [potion of mutation]
 96065 | Zot:4    | Gained mutation: You sometimes lose the ability to read
                  | scrolls when taking damage. [potion of mutation]
 96065 | Zot:4    | Gained mutation: You have hidden genetic potential. [potion
                  | of mutation]
 96528 | Orc:1    | Lost mutation: Your magical capacity is low. (-10% MP)
                  | [potion of mutation]
 96528 | Orc:1    | Lost mutation: You sometimes lose the ability to read
                  | scrolls when taking damage. [potion of mutation]
 96528 | Orc:1    | Gained mutation: You are strong-willed. (Will+) [potion of
                  | mutation]
 96528 | Orc:1    | Gained mutation: You are agile. (Dex +4, Str/Int -1)
                  | [potion of mutation]
 96814 | Zig:1    | Entered Level 1 of a ziggurat
 96966 | Zig:1    | Learned a level 9 spell: Chain Lightning
 96981 | Zig:2    | Entered Level 2 of a ziggurat
 96987 | Zig:2    | Reached skill level 1 in Throwing
 97016 | Zig:3    | Entered Level 3 of a ziggurat
 97023 | Zig:3    | Reached skill level 1 in Shapeshifting
 97140 | Zig:4    | Entered Level 4 of a ziggurat
 97264 | Zig:4    | Identified the +3 scale mail of Kikubaaqudgha's Favour
                  | {rElec rCorr SInv Stlth-}
 97279 | Zig:5    | Entered Level 5 of a ziggurat
 97320 | Zig:5    | Identified the staff of the Hidden Vale {rElec rC+ rN+
                  | Stlth+ Necro}
 97330 | Zig:6    | Entered Level 6 of a ziggurat
 97496 | Zig:6    | Identified the +2 robe "Uffuify" {rF+ rCorr Int+2 Archmagi}
 97498 | Zig:6    | Identified the +9 dagger of Peril {holy, *Rage Str+3 Int+4}
 97506 | Zig:7    | Entered Level 7 of a ziggurat
 97545 | Zig:8    | Entered Level 8 of a ziggurat
 97552 | Zig:8    | Found the ring of the Octopus King
 97568 | Zig:8    | Identified a ring of the Octopus King {rN+ HP+2 AC+2 EV+2
                  | SH+2}
 97583 | Zig:8    | Identified the staff of Integrity {rN+ Dex+3 Earth}
 97603 | Zig:9    | Entered Level 9 of a ziggurat
 97658 | Zig:9    | Identified the ring of Brilliance {rF+ rCorr Int+3 Dex-4}
 97664 | Zig:9    | Lost mutation: You are strong-willed. (Will+) [potion of
                  | mutation]
 97664 | Zig:9    | Lost mutation: You have hidden genetic potential. [potion
                  | of mutation]
 97664 | Zig:9    | Gained mutation: You are covered in fur. (AC +1) [potion of
                  | mutation]
 97665 | Zig:9    | Lost mutation: You are covered in fur. (AC +1) [potion of
                  | mutation]
 97665 | Zig:9    | Lost mutation: You are agile. (Dex +4, Str/Int -1) [potion
                  | of mutation]
 97665 | Zig:9    | Lost mutation: You occasionally lose the ability to read
                  | scrolls when taking damage. [potion of mutation]
 97665 | Zig:9    | Gained mutation: You are partially covered in iridescent
                  | scales. (AC +2) [potion of mutation]
 97665 | Zig:9    | Gained mutation: You are weak. (Str -2) [potion of
                  | mutation]
 97665 | Zig:9    | Gained mutation: You sometimes lose your temper in combat.
                  | [potion of mutation]
 97665 | Zig:9    | Gained mutation: You are agile. (Dex +4, Str/Int -1)
                  | [potion of mutation]
 97669 | Zig:10   | Entered Level 10 of a ziggurat
 97731 | Zig:10   | Identified the +11 halberd "Irumeol" {pain, Stlth+}
 97759 | Zig:11   | Entered Level 11 of a ziggurat
 97771 | Zig:11   | Reached skill level 5 in Throwing
 97806 | Zig:11   | Got the Incunable of the Wendigo
 97807 | Zig:11   | Identified the +6 arbalest "Uchuhil" {freeze, ^Fragile
                  | rPois rF+ rC+}
 97836 | Zig:12   | Entered Level 12 of a ziggurat
 97853 | Zig:12   | Reached skill level 5 in Shapeshifting
 97887 | Zig:12   | Identified the ring "Tuejekon" {rF+ rC+ rN+ Will+ Stlth+}
 97910 | Zig:12   | Identified the +9 great sword "Beetle's Funeral" {elec,
                  | rF+}
 97934 | Zig:13   | Entered Level 13 of a ziggurat
 98161 | Zig:13   | Identified the staff of Dishonour {rCorr Str+4 Earth}
 98165 | Zig:13   | Identified the +9 quarterstaff "Elapiwunt" {holy, MP+9
                  | Str+6 Int+2 Stlth-}
 98169 | Zig:13   | Identified the +2 chain mail of the Mertaur {rC+ Will+}
 98529 | Vaults:2 | Bought a ring of protection from cold for 400 gold pieces
 98580 | Vaults:5 | Entered Level 5 of the Vaults
 98916 | Vaults:5 | Noticed a dread lich
 98916 | Vaults:5 | Noticed an ancient lich
 98918 | Vaults:5 | Reached skill level 10 in Shapeshifting
 98918 | Vaults:5 | Killed an ancient lich
 98921 | Vaults:5 | Killed a dread lich
 99210 | Vaults:5 | Noticed an ancient lich
 99378 | Vaults:5 | Killed an ancient lich
 99932 | Vaults:5 | Identified the staff "Ylachywk" {Fly rElec Air}
100025 | Vaults:5 | Identified the +7 war axe "Gugan" {heavy, Dex+6}
100247 | Vaults:5 | Identified the +2 ring mail of Midsummer {+Blink rPois
                  | Will++ Str+3}
100305 | Vaults:5 | Identified the +3 sling "Hydrabane" {flame, Stlth+}
100319 | Vaults:5 | Got a silver rune of Zot
100351 | Vaults:5 | Identified the +8 great sword "Duitwauj" {freeze, Will+
                  | Str+5 Dex-2}
100499 | Vaults:5 | Found Nerchiludgh's Distillery.
100518 | Vaults:5 | Bought a potion of cancellation for 112 gold pieces
100518 | Vaults:5 | Bought a potion of heal wounds for 70 gold pieces
100518 | Vaults:5 | Bought a potion of heal wounds for 70 gold pieces
100518 | Vaults:5 | Bought a potion of haste for 140 gold pieces
100518 | Vaults:5 | Bought a potion of heal wounds for 70 gold pieces
101083 | D:12     | You paid a toll of 3 potions of resistance to enter a
                  | treasure trove
101084 | Trove    | Entered a treasure trove
101099 | Trove    | Identified the +3 hat of Roasmos {-Tele rF+ Will+ Dex+3
                  | Slay+3}
101100 | Trove    | Identified the orb of Vojiateq {light, Will++ Str-5}
101102 | Trove    | Identified the +1 hat of the Forest {Harm rPois Str-5
                  | Int-2}
101103 | Trove    | Identified the +3 leather armour of the Boiling Point
                  | {MP+9}
101105 | Trove    | Identified the +3 buckler of the Mantidfly {*Corrode rF+
                  | rC+}
101107 | Trove    | Identified the +0 robe of the Old and Reckless {Regen+}
101108 | Trove    | Identified the -1 hat of Bitterness {Rampage ^Drain Dex+5}
101109 | Trove    | Identified the scarf "Sauloi" {shadows, rC+++ Will+ rCorr
                  | MP-9}
101112 | Trove    | Identified the +3 buckler "Huexex" {Rampage rElec Str-4
                  | Dex+5}
101114 | Trove    | Identified the +2 pair of gloves of the Trees {Fly rElec
                  | rCorr Int+2}
101129 | Trove    | Identified the +1 kite shield of the Arcadian God {rN++
                  | Will+ Str-4 Int+2}
102321 | Hell     | Entered the Vestibule of Hell
102845 | Pan      | Entered Pandemonium
102853 | Pan      | Noticed Xeomibam the pandemonium lord
103036 | Pan      | Gained mutation: You occasionally lose the ability to read
                  | scrolls when taking damage. [a cacodemon]
103098 | Pan      | Lost mutation: You are weak. (Str -2) [potion of mutation]
103098 | Pan      | Lost mutation: You are partially covered in iridescent
                  | scales. (AC +2) [potion of mutation]
103098 | Pan      | Gained mutation: You sometimes lose the ability to read
                  | scrolls when taking damage. [potion of mutation]
103161 | Pan      | Found an exit through the horrors of the Abyss.
103183 | Pan      | Killed Xeomibam the pandemonium lord
104418 | Depths:2 | Escaped Pandemonium
104621 | Pan      | Entered the realm of Mnoleg.
104621 | Pan      | Entered Pandemonium
105043 | Pan      | Gained mutation: You have hidden genetic defects. [a
                  | neqoxec]
105048 | Pan      | Gained mutation: You occasionally shout uncontrollably at
                  | your foes. [a neqoxec]
105110 | Pan      | Gained mutation: You are frail. (-10% HP) [a cacodemon]
105328 | Pan      | Noticed Mnoleg
105376 | Pan      | Killed Mnoleg
105377 | Pan      | Reached skill level 15 in Shapeshifting
105686 | Pan      | Gained mutation: You have terrible hidden genetic defects.
                  | [a neqoxec]
105858 | Pan      | Gained mutation: You have an uncontrollable temper. [hidden
                  | defects]
106712 | Pan      | Got a glowing rune of Zot
106853 | Pan      | Gained mutation: Your body sometimes deteriorates upon
                  | taking damage. [hidden defects]
106853 | Pan      | Lost mutation: You have terrible hidden genetic defects.
                  | [hidden defects expressed]
107096 | Pan      | Lost mutation: You are frail. (-10% HP) [potion of
                  | mutation]
107096 | Pan      | Lost mutation: You have hidden genetic defects. [potion of
                  | mutation]
107096 | Pan      | Lost mutation: Your body sometimes deteriorates upon taking
                  | damage. [potion of mutation]
107096 | Pan      | Gained mutation: Your mind is acute. (Int +4, Str/Dex -1)
                  | [potion of mutation]
107096 | Pan      | Gained mutation: Your natural rate of healing is unusually
                  | fast. [potion of mutation]
107566 | Pan      | Entered the realm of Gloorx Vloq.
107811 | Pan      | Noticed Ignacio
107816 | Pan      | Killed Ignacio
108734 | Pan      | Noticed Gloorx Vloq
108958 | Pan      | Killed Gloorx Vloq
109121 | Pan      | Got a dark rune of Zot
110078 | Pan      | Noticed Uliack the pandemonium lord
110081 | Pan      | Killed Uliack the pandemonium lord
110445 | Pan      | Identified the +0 leather armour "Kuzyinan" {+Inv Will+
                  | Regen+}
110813 | Pan      | Entered the realm of Lom Lobon.
111823 | Pan      | Noticed Lom Lobon
111837 | Pan      | Killed Lom Lobon
112183 | Pan      | Got a magical rune of Zot
112703 | Pan      | Noticed Buyced the pandemonium lord
112708 | Pan      | Killed Buyced the pandemonium lord
113195 | Pan      | Lost mutation: Your natural rate of healing is unusually
                  | fast. [potion of mutation]
113195 | Pan      | Lost mutation: You sometimes lose the ability to read
                  | scrolls when taking damage. [potion of mutation]
113195 | Pan      | Lost mutation: Your mind is acute. (Int +4, Str/Dex -1)
                  | [potion of mutation]
113195 | Pan      | Gained mutation: You have a pair of small horns on your
                  | head. [potion of mutation]
113195 | Pan      | Gained mutation: You have hidden genetic potential. [potion
                  | of mutation]
113196 | Pan      | Lost mutation: You have hidden genetic potential. [potion
                  | of mutation]
113196 | Pan      | Lost mutation: Armour fits poorly on your strangely shaped
                  | body. [potion of mutation]
113196 | Pan      | Gained mutation: You expend magic power (3 MP) to
                  | strengthen your wands. [potion of mutation]
113196 | Pan      | Gained mutation: You are robust. (+10% HP) [potion of
                  | mutation]
113197 | Pan      | Lost mutation: You are agile. (Dex +4, Str/Int -1) [potion
                  | of mutation]
113197 | Pan      | Lost mutation: You are robust. (+10% HP) [potion of
                  | mutation]
113197 | Pan      | Lost mutation: You have an uncontrollable temper. [potion
                  | of mutation]
113197 | Pan      | Gained mutation: You have sharp fingernails. [potion of
                  | mutation]
113197 | Pan      | Lost mutation: You have sharp fingernails. [potion of
                  | mutation]
113197 | Pan      | Gained mutation: Your flesh is cold resistant. (rC+)
                  | [potion of mutation]
113393 | Pan      | Entered the realm of Cerebov.
113976 | Pan      | Gained mutation: You are weak. (Str -2) [mutagenic glow]
114070 | Pan      | Lost mutation: You sometimes lose your temper in combat.
                  | [potion of mutation]
114070 | Pan      | Lost mutation: You are weak. (Str -2) [potion of mutation]
114070 | Pan      | Gained mutation: Your muscles are strong. (Str +4, Int/Dex
                  | -1) [potion of mutation]
114070 | Pan      | Gained mutation: Your muscles are very strong. (Str +8,
                  | Int/Dex -2) [potion of mutation]
116140 | Pan      | Gained mutation: You do not regenerate when monsters are
                  | visible. [mutagenic glow]
116568 | Pan      | Found the +6 sword of Cerebov {flame}
116568 | Pan      | Noticed Cerebov
116872 | Pan      | Killed Cerebov
117044 | Pan      | Identified the +2 falchion of Disaster {venom, rF+ rC-
                  | rCorr}
117062 | Pan      | Got a fiery rune of Zot
117063 | Pan      | Identified the staff of Liatyc {rPois rF- rN+ rCorr Str+6
                  | Necro}
117133 | Pan      | Identified the amulet "Piomefo" {Acrobat rN++ Str+6 Int-4}
117135 | Pan      | Identified the +7 giant club "Gouhoat" {vamp, rF+ rC+}
117162 | Pan      | Identified the +4 great sword of Adwec {holy, rCorr Str+4
                  | Dex+6}
117163 | Pan      | Identified the +5 dagger of Onownil {drain, rPois rN+}
117323 | Pan      | Identified the +1 tower shield "Citiexoa" {-Tele rF+ Str+7
                  | Int+4}
117323 | Pan      | Noticed Mennas
117328 | Pan      | Killed Mennas
118279 | Pan      | Found an exit through the horrors of the Abyss.
118443 | Pan      | Noticed Tafilar the pandemonium lord
118445 | Pan      | Killed Tafilar the pandemonium lord
119039 | Pan      | Found an exit through the horrors of the Abyss.
120168 | Pan      | Gained mutation: You have an increased reservoir of magic.
                  | (+10% MP) [a neqoxec]
120580 | Pan      | Found an exit through the horrors of the Abyss.
120644 | Pan      | Identified the +1 robe of the Modern Prophets {rElec rF+++
                  | rCorr Dex-3}
120707 | Pan      | Noticed Cougrad the pandemonium lord
121184 | Pan      | Reached skill level 15 in Air Magic
122003 | Pan      | Noticed Nohag Pate the pandemonium lord
122006 | Pan      | Gained mutation: You occasionally lose the ability to drink
                  | potions when taking damage. [a cacodemon]
122204 | Pan      | Killed Nohag Pate the pandemonium lord
123330 | Pan      | Found a runed translucent door.
123343 | Pan      | Got a demonic rune of Zot
123421 | Pan      | Found an exit through the horrors of the Abyss.
123530 | Pan      | Lost mutation: You expend magic power (3 MP) to strengthen
                  | your wands. [potion of mutation]
123530 | Pan      | Lost mutation: You do not regenerate when monsters are
                  | visible. [potion of mutation]
123530 | Pan      | Lost mutation: You occasionally lose the ability to read
                  | scrolls when taking damage. [potion of mutation]
123531 | Pan      | Lost mutation: Your muscles are very strong. (Str +8,
                  | Int/Dex -2) [potion of mutation]
123531 | Pan      | Lost mutation: You occasionally shout uncontrollably at
                  | your foes. [potion of mutation]
123531 | Pan      | Lost mutation: Your flesh is cold resistant. (rC+) [potion
                  | of mutation]
123531 | Pan      | Gained mutation: You possess an exceptional clarity of
                  | mind. [potion of mutation]
123531 | Pan      | Gained mutation: You have a somewhat thin skeletal
                  | structure. (Dex +2, Stealth+) [potion of mutation]
123621 | Pan      | Gained mutation: You are frail. (-10% HP) [a cacodemon]
123800 | Pan      | Found an exit through the horrors of the Abyss.
123815 | Pan      | Noticed Sicemn the pandemonium lord
123818 | Pan      | Killed Sicemn the pandemonium lord
124549 | Pan      | Noticed Wierphal the pandemonium lord
124553 | Pan      | Killed Wierphal the pandemonium lord
125022 | Pan      | Found an exit through the horrors of the Abyss.
126082 | Pan      | Noticed Xoghuism the pandemonium lord
126086 | Pan      | Killed Xoghuism the pandemonium lord
126272 | Pan      | Found an exit through the horrors of the Abyss.
127675 | Pan      | Noticed Amoajus the pandemonium lord
127680 | Pan      | Killed Amoajus the pandemonium lord
128338 | Pan      | Found an exit through the horrors of the Abyss.
128820 | Pan      | Found a white marble altar of Elyvilon.
129131 | Pan      | Identified the +2 buckler "Giwag" {-Cast +Blink Str+3}
130543 | Depths:2 | Escaped Pandemonium
130806 | D:8      | Bought a wand of digging (8) for 436 gold pieces
130908 | Orc:2    | Bought a potion of curing for 42 gold pieces
130908 | Orc:2    | Bought a potion of curing for 42 gold pieces
130908 | Orc:2    | Bought a potion of resistance for 140 gold pieces
130910 | Orc:2    | Learned a level 1 spell: Apportation
131179 | Hell     | Noticed Geryon
131336 | Hell     | Noticed Murray
131340 | Hell     | Killed Murray
131720 | Hell     | Killed Geryon
131915 | Hell     | Found a gateway to the freezing wastes of Cocytus.
132033 | Hell     | Found a gateway to the Iron City of Dis.
132113 | Hell     | Found a gateway to the ashen valley of Gehenna.
132307 | Hell     | Found a gateway to the decaying netherworld of Tartarus.
132371 | Coc:1    | Entered Level 1 of Cocytus
132371 | Coc:1    | Noticed a dread lich
132373 | Coc:1    | Killed a dread lich
133424 | Coc:3    | You are sucked into a shaft and drop 3 floors!
133680 | Coc:7    | Entered Level 7 of Cocytus
133729 | Coc:7    | Noticed the Serpent of Hell
133867 | Coc:7    | Paralysed by a wendigo for 1 turns
134117 | Coc:7    | Identified the +4 plate armour of the Doomed Mackerel
                  | {Str+6 Int-5}
134383 | Coc:7    | Killed the Serpent of Hell
134439 | Coc:7    | Noticed Antaeus
134648 | Coc:7    | Killed Antaeus
134732 | Coc:7    | Got an icy rune of Zot
134831 | Geh:1    | Entered Level 1 of Gehenna
135067 | Geh:1    | Noticed an ancient lich
135070 | Geh:1    | Killed an ancient lich
135974 | Geh:3    | Found a burning altar of Makhleb.
137483 | Pan      | Entered Pandemonium
137485 | Pan      | Noticed Iqafur the pandemonium lord
138119 | Pan      | Killed Iqafur the pandemonium lord
138468 | Pan      | Identified the ring "Rodwed" {Fly Str+4}
138526 | Pan      | Found an exit through the horrors of the Abyss.
138857 | Pan      | Reached skill level 27 in Earth Magic
139131 | Pan      | Noticed Tuwuso the pandemonium lord
139504 | Depths:4 | Escaped Pandemonium
140971 | Tomb:1   | Entered Level 1 of the Tomb of the Ancients
141402 | Tomb:1   | Noticed a royal mummy
141411 | Tomb:1   | Killed a royal mummy
141678 | Tomb:1   | Found the +3 giant club "Skullcrusher" {speed, Str+7}
142735 | Geh:7    | Entered Level 7 of Gehenna
145525 | Geh:7    | Found the +13 sceptre of Asmodeus
145525 | Geh:7    | Noticed Asmodeus
145532 | Geh:7    | Killed Asmodeus
145748 | Geh:7    | Got an obsidian rune of Zot
146042 | Depths:3 | Voluntarily entered the Abyss.
146236 | Abyss:3  | Found a corrupted altar of Lugonu.
146236 | Abyss:3  | Found a corrupted altar of Lugonu.
146290 | Abyss:3  | Found a corrupted altar of Lugonu.
146421 | Abyss:3  | Found a corrupted altar of Lugonu.
146504 | Depths:3 | Escaped the Abyss
147122 | Tomb:1   | Noticed a royal mummy
147128 | Tomb:1   | Noticed a royal mummy
147131 | Tomb:1   | Killed a royal mummy
147200 | Tomb:1   | Killed a royal mummy
147287 | Tomb:1   | Noticed a royal mummy
147290 | Tomb:1   | Killed a royal mummy
147295 | Tomb:1   | Noticed a royal mummy
147297 | Tomb:1   | Killed a royal mummy
147299 | Tomb:1   | Noticed a royal mummy
147302 | Tomb:1   | Killed a royal mummy
147359 | Tomb:1   | Noticed a royal mummy
147362 | Tomb:1   | Killed a royal mummy
147365 | Tomb:1   | Noticed a royal mummy
147367 | Tomb:1   | Killed a royal mummy
147415 | Tomb:1   | Noticed a royal mummy
147418 | Tomb:1   | Killed a royal mummy
147424 | Tomb:1   | Noticed a royal mummy
147424 | Tomb:1   | Noticed a royal mummy
147427 | Tomb:1   | Killed a royal mummy
147427 | Tomb:1   | Killed a royal mummy
147776 | Tomb:2   | Noticed a royal mummy
147893 | Tomb:3   | Entered Level 3 of the Tomb of the Ancients
147905 | Tomb:3   | Noticed a royal mummy
147907 | Tomb:3   | Noticed a royal mummy
147908 | Tomb:3   | Killed a royal mummy
147908 | Tomb:3   | Noticed a royal mummy
147909 | Tomb:3   | Noticed a royal mummy
147910 | Tomb:3   | Reached skill level 27 in Spellcasting
147911 | Tomb:3   | Killed a royal mummy
147914 | Tomb:3   | Killed a royal mummy
147917 | Tomb:3   | Killed a royal mummy
147927 | Tomb:3   | Noticed a royal mummy
147930 | Tomb:3   | Killed a royal mummy
147931 | Tomb:3   | Noticed a royal mummy
147933 | Tomb:3   | Noticed a royal mummy
147935 | Tomb:3   | Noticed a royal mummy
147937 | Tomb:3   | Killed a royal mummy
147938 | Tomb:3   | Killed a royal mummy
147940 | Tomb:3   | Killed a royal mummy
147941 | Tomb:3   | Noticed a royal mummy
147944 | Tomb:3   | Killed a royal mummy
148179 | Tomb:3   | Identified the amulet of Attitude {Acrobat ^Fragile +Blink
                  | rC+ Regen+ Dex+2}
148184 | Tomb:3   | Identified the +8 morningstar of Prudence {elec, rF+++
                  | Str+4 Int-5}
148208 | Tomb:3   | Identified the +2 war axe "Tuolom" {flame, Will- Str+2
                  | Dex+5}
148231 | Tomb:3   | Identified the +9 whip of Lariq {holy, rPois rN++}
148371 | Tomb:3   | Identified the +7 war axe of the Enchanted Forest {elec,
                  | rElec Dex+8}
148398 | Tomb:3   | Identified the staff "Pechaang" {rElec rN+ Air}
148430 | Tomb:3   | Identified the staff of Ruusod {MP-9 Int+9 Conj Fire Earth}
148464 | Tomb:3   | Identified the +6 dagger "Zaacsegg" {speed, Will+ Int+3}
148621 | Tomb:3   | Got a golden rune of Zot
148676 | Tomb:3   | Identified the ring "Qauvoy" {rF++ Will+ AC+4}
148679 | Tomb:3   | Identified the +10 scale mail of the Jabberwock {-Tele rN+
                  | rCorr Int+4}
148716 | Tomb:2   | Noticed a royal mummy
148721 | Tomb:2   | Killed a royal mummy
148747 | Tomb:2   | Noticed a royal mummy
148748 | Tomb:2   | Killed a royal mummy
148753 | Tomb:2   | Killed a royal mummy
148936 | Tomb:2   | Noticed a royal mummy
148942 | Tomb:2   | Killed a royal mummy
150135 | Tar:1    | Entered Level 1 of Tartarus
150559 | Tar:2    | Reached skill level 5 in Dodging
151503 | Tar:4    | Reached skill level 10 in Throwing
152086 | Snake:1  | Killed Smee's ghost
152510 | Vaults:2 | Killed Kipt's ghost
153144 | Tar:5    | Noticed an ancient lich
153146 | Tar:5    | Killed an ancient lich
153446 | Tar:5    | Reached skill level 10 in Dodging
154176 | Tar:6    | Noticed a dread lich
154176 | Tar:6    | Noticed an ancient lich
154176 | Tar:6    | Noticed an ancient lich
154178 | Tar:6    | Noticed a dread lich
154180 | Tar:6    | Killed a dread lich
154180 | Tar:6    | Killed an ancient lich
154180 | Tar:6    | Killed an ancient lich
154181 | Tar:6    | Killed a dread lich
154181 | Tar:6    | Noticed an ancient lich
154181 | Tar:6    | Noticed an ancient lich
154183 | Tar:6    | Killed an ancient lich
154183 | Tar:6    | Killed an ancient lich
154377 | Tar:7    | Entered Level 7 of Tartarus
154744 | Tar:7    | Noticed an ancient lich
154749 | Tar:7    | Killed an ancient lich
155285 | Tar:7    | Noticed a dread lich
155288 | Tar:7    | Paralysed by a dread lich for 5 turns
155294 | Tar:7    | Killed a dread lich
155321 | Tar:7    | Noticed a dread lich
155328 | Tar:7    | Killed a dread lich
155533 | Tar:7    | Reached skill level 15 in Dodging
155850 | Tar:7    | Identified the +5 orcbow of Gloom {elec, Str+4 Stlth-}
156173 | Tar:7    | Noticed a dread lich
156175 | Tar:7    | Killed a dread lich
156359 | Tar:7    | Got a bone rune of Zot
156451 | Dis:1    | Entered Level 1 of the Iron City of Dis
156941 | Dis:1    | Reached skill level 15 in Throwing
158817 | Zig:1    | Entered Level 1 of a ziggurat
158834 | Zig:2    | Entered Level 2 of a ziggurat
158861 | Zig:3    | Entered Level 3 of a ziggurat
158878 | Zig:3    | Identified the staff "Vifeplua" {+Blink Will+ Str-3 Stlth+
                  | Conj}
158900 | Zig:4    | Entered Level 4 of a ziggurat
158905 | Zig:4    | Reached skill level 1 in Ice Magic
158933 | Zig:4    | Identified the +3 battleaxe of Chaos {drain, Fly rPois
                  | Str-5}
158935 | Zig:4    | Identified the +0 plate armour of the Moon Troll {Harm rF+
                  | Regen+ rCorr}
158941 | Zig:5    | Entered Level 5 of a ziggurat
158995 | Zig:5    | Identified the amulet of Moacey {Spirit rN+ Stlth+}
159015 | Zig:6    | Entered Level 6 of a ziggurat
159021 | Zig:6    | Noticed Dimic the pandemonium lord
159026 | Zig:6    | Killed Dimic the pandemonium lord
159106 | Zig:7    | Entered Level 7 of a ziggurat
159130 | Zig:7    | Identified the ring "Bavverch" {Fire Will+}
159149 | Zig:7    | Acquired 1011 gold pieces
159167 | Zig:8    | Entered Level 8 of a ziggurat
159175 | Zig:8    | Reached skill level 5 in Ice Magic
159227 | Zig:8    | Identified the ring "Ikim" {rF- rN+ rCorr Int+6 SInv}
159232 | Zig:8    | Identified the +10 glaive "Bisoy" {speed, rElec Will+ Str+3
                  | Int-4}
159249 | Zig:8    | Learned a level 8 spell: Maxwell's Capacitive Coupling
159252 | Zig:9    | Entered Level 9 of a ziggurat
159274 | Zig:9    | Got Dyoguxku's Secrets of Distillation and the Maleficium
159321 | Zig:10   | Entered Level 10 of a ziggurat
159328 | Zig:10   | Found the +8 storm bow {elec, penet}
159344 | Zig:10   | Identified the +7 mace of the Endless Expanse {vamp, rF-
                  | Str+2 Int+4}
159345 | Zig:10   | Identified the ring "Lapomn" {rF+ rC+ Dex+6}
159349 | Zig:10   | Identified the +7 hand axe of Moderation {freeze, Int+2}
159366 | Zig:11   | Entered Level 11 of a ziggurat
159415 | Zig:12   | Entered Level 12 of a ziggurat
159507 | Zig:12   | Identified the +7 chain mail "Qyss" {rElec Str+3 Int+3
                  | Dex+5}
159533 | Zig:12   | Reached skill level 10 in Ice Magic
159540 | Zig:13   | Entered Level 13 of a ziggurat
159582 | Zig:13   | Identified the ring of the Freezing Fool {rN+ Will+ MP+9}
159584 | Zig:13   | Identified the +1 halberd of Insufficient Pleasure {speed,
                  | +Blink rF++ Dex+2}
159640 | Zig:14   | Entered Level 14 of a ziggurat
159666 | Zig:14   | Identified the +8 halberd of the Bright God {holy, rF++
                  | SInv}
159668 | Zig:14   | Identified the +2 spear of the Growing Dove {vamp, ^Contam
                  | Str+3 SInv}
159679 | Zig:14   | Identified the +0 plate armour "Ulaij" {Will+}
159686 | Zig:14   | Got the Essays on Virulence
159690 | Zig:14   | Acquired 537 gold pieces
159698 | Zig:15   | Entered Level 15 of a ziggurat
159738 | Zig:15   | Identified the ring "Jyfu" {rPois rC+ Str+3}
159758 | Zig:16   | Entered Level 16 of a ziggurat
159778 | Zig:16   | Found the +2 Maxwell's thermic engine {flame, freeze, rev}
159778 | Zig:16   | Found the +3 Elemental Staff {ele, rElec rF+ rC+ AC+3}
159828 | Zig:16   | Identified the staff of Araenniuk {rPois rC+ rCorr Summ
                  | Ice}
159838 | Zig:17   | Entered Level 17 of a ziggurat
159847 | Zig:17   | Noticed an ancient lich
159850 | Zig:17   | Killed an ancient lich
159858 | Zig:17   | Noticed an ancient lich
159860 | Zig:17   | Noticed an ancient lich
159861 | Zig:17   | Killed an ancient lich
159862 | Zig:17   | Killed an ancient lich
159868 | Zig:17   | Noticed an ancient lich
159869 | Zig:17   | Killed an ancient lich
159917 | Zig:17   | Identified the staff of Dismemberment {Str+5 Earth}
159923 | Zig:17   | Identified the +2 hand axe "Waffaxke" {flame, rC+ Int+2
                  | SInv}
159987 | Zig:18   | Entered Level 18 of a ziggurat
159997 | Zig:18   | Noticed an ancient lich
159999 | Zig:18   | Killed an ancient lich
160056 | Zig:18   | Identified the +3 quarterstaff "Concordance" {flame, *Rage
                  | Will+ Dex+3}
160063 | Zig:18   | Identified the +2 ring mail of Hadjma {Slay+2}
160101 | Zig:19   | Entered Level 19 of a ziggurat
160180 | Zig:19   | Identified the +0 pair of gloves of Card Tricks {Regen+}
160207 | Zig:19   | Identified the +5 glaive "Zisymaz" {venom, Str+4}
160238 | Zig:19   | Reached skill level 15 in Ice Magic
160248 | Zig:20   | Entered Level 20 of a ziggurat
160258 | Zig:20   | Noticed a dread lich
160258 | Zig:20   | Noticed a dread lich
160260 | Zig:20   | Killed a dread lich
160260 | Zig:20   | Killed a dread lich
160262 | Zig:20   | Noticed a dread lich
160264 | Zig:20   | Killed a dread lich
160268 | Zig:20   | Noticed an ancient lich
160270 | Zig:20   | Killed an ancient lich
160315 | Zig:20   | Identified the ring "Uzxerra" {rCorr Dex+6}
160331 | Zig:20   | Identified the +0 chain mail of Kiots {+Inv rElec}
160337 | Zig:21   | Entered Level 21 of a ziggurat
160391 | Zig:21   | Identified the +10 short sword "Darez" {drain, Int+2}
160404 | Zig:21   | Identified the ring "Ytiah" {rElec rPois rC+ AC+4}
160417 | Zig:21   | Identified the +5 chain mail of Grottiness {Regen+ Str+3
                  | Int+3 Stlth+}
160427 | Zig:21   | Identified the scarf of the Great Game {shadows, rElec
                  | rPois rC+++ Dex-2}
160452 | Zig:21   | Learned a level 9 spell: Polar Vortex
160453 | Zig:22   | Entered Level 22 of a ziggurat
160479 | Zig:22   | Killed a dread lich
160480 | Zig:22   | Noticed an ancient lich
160482 | Zig:22   | Killed an ancient lich
160487 | Zig:22   | Noticed an ancient lich
160487 | Zig:22   | Noticed a dread lich
160488 | Zig:22   | Killed an ancient lich
160488 | Zig:22   | Killed a dread lich
160490 | Zig:22   | Noticed an ancient lich
160491 | Zig:22   | Killed an ancient lich
160499 | Zig:22   | Reached skill level 27 in Conjurations
160566 | Zig:22   | Identified the +11 chain mail of the Desolation of Salt
                  | {Will- Int+5}
160568 | Zig:22   | Identified the +3 pair of boots "Qizo Caw" {-Cast +Inv rC+}
160618 | Zig:23   | Entered Level 23 of a ziggurat
160675 | Zig:23   | Found the +8 arc blade {discharge, rElec}
160699 | Zig:23   | Identified the +0 short sword of Wacok {flame, rF+ rN+
                  | Int-2 Stlth+}
160766 | Zig:24   | Entered Level 24 of a ziggurat
160774 | Zig:24   | Noticed a royal mummy
160775 | Zig:24   | Noticed a royal mummy
160775 | Zig:24   | Noticed a royal mummy
160777 | Zig:24   | Noticed a royal mummy
160777 | Zig:24   | Noticed a royal mummy
160778 | Zig:24   | Killed a royal mummy
160778 | Zig:24   | Killed a royal mummy
160779 | Zig:24   | Killed a royal mummy
160779 | Zig:24   | Noticed a royal mummy
160780 | Zig:24   | Noticed a royal mummy
160780 | Zig:24   | Noticed a royal mummy
160781 | Zig:24   | Killed a royal mummy
160781 | Zig:24   | Killed a royal mummy
160783 | Zig:24   | Killed a royal mummy
160783 | Zig:24   | Killed a royal mummy
160783 | Zig:24   | Killed a royal mummy
160788 | Zig:24   | Noticed a royal mummy
160790 | Zig:24   | Killed a royal mummy
160791 | Zig:24   | Noticed a royal mummy
160794 | Zig:24   | Killed a royal mummy
160878 | Zig:24   | Identified the +1 fire dragon scales "Qas Dine" {rPois rF++
                  | rC- Will+ MP+9}
160890 | Zig:24   | Identified the ring of Pilaaq {rF+ rN++}
160960 | Zig:25   | Entered Level 25 of a ziggurat
160988 | Zig:25   | HP: 5/179 [Brimstone Fiend/damnation (46)]
160993 | Zig:25   | Found the +7 sceptre of Torment {pain, torment}
160994 | Zig:25   | Identified the amulet "Uckewac" {Regen+ Str+3}
161349 | Depths:3 | Lost mutation: You are frail. (-10% HP) [potion of
                  | mutation]
161349 | Depths:3 | Lost mutation: You possess an exceptional clarity of mind.
                  | [potion of mutation]
161349 | Depths:3 | Gained mutation: You possess an exceptional clarity of
                  | mind. [potion of mutation]
161350 | Depths:3 | Lost mutation: You have a pair of small horns on your head.
                  | [potion of mutation]
161350 | Depths:3 | Lost mutation: You have an increased reservoir of magic.
                  | (+10% MP) [potion of mutation]
161350 | Depths:3 | Gained mutation: You are frail. (-10% HP) [potion of
                  | mutation]
161350 | Depths:3 | Lost mutation: You possess an exceptional clarity of mind.
                  | [potion of mutation]
161350 | Depths:3 | Gained mutation: You have a pair of small antennae on your
                  | head. [potion of mutation]
161351 | Depths:3 | Lost mutation: You have a somewhat thin skeletal structure.
                  | (Dex +2, Stealth+) [potion of mutation]
161351 | Depths:3 | Lost mutation: You occasionally lose the ability to drink
                  | potions when taking damage. [potion of mutation]
161351 | Depths:3 | Gained mutation: You are agile. (Dex +4, Str/Int -1)
                  | [potion of mutation]
161351 | Depths:3 | Gained mutation: Your mind is acute. (Int +4, Str/Dex -1)
                  | [potion of mutation]
161352 | Depths:3 | Lost mutation: You are agile. (Dex +4, Str/Int -1) [potion
                  | of mutation]
161352 | Depths:3 | Lost mutation: Your mind is acute. (Int +4, Str/Dex -1)
                  | [potion of mutation]
161352 | Depths:3 | Gained mutation: Your spells are a little harder to cast,
                  | but a little more powerful. [potion of mutation]
161353 | Depths:3 | Lost mutation: Your muscles are strong. (Str +4, Int/Dex
                  | -1) [potion of mutation]
161353 | Depths:3 | Lost mutation: Your spells are a little harder to cast, but
                  | a little more powerful. [potion of mutation]
161353 | Depths:3 | Lost mutation: You have a pair of small antennae on your
                  | head. [potion of mutation]
161353 | Depths:3 | Gained mutation: Your flesh is heat resistant. (rF+)
                  | [potion of mutation]
161353 | Depths:3 | Gained mutation: You are strong-willed. (Will+) [potion of
                  | mutation]
161354 | Depths:3 | Lost mutation: You are frail. (-10% HP) [potion of
                  | mutation]
161354 | Depths:3 | Lost mutation: Your flesh is heat resistant. (rF+) [potion
                  | of mutation]
161354 | Depths:3 | Lost mutation: You are strong-willed. (Will+) [potion of
                  | mutation]
161354 | Depths:3 | Gained mutation: Your body sometimes deteriorates upon
                  | taking damage. [potion of mutation]
161354 | Depths:3 | Gained mutation: Your flesh is cold resistant. (rC+)
                  | [potion of mutation]
161355 | Depths:3 | Lost mutation: Your flesh is cold resistant. (rC+) [potion
                  | of mutation]
161355 | Depths:3 | Lost mutation: Your body sometimes deteriorates upon taking
                  | damage. [potion of mutation]
161355 | Depths:3 | Gained mutation: You are vulnerable to heat. (rF-) [potion
                  | of mutation]
161355 | Depths:3 | Gained mutation: You occasionally lose the ability to drink
                  | potions when taking damage. [potion of mutation]
161355 | Depths:3 | Gained mutation: You sometimes lose the ability to drink
                  | potions when taking damage. [potion of mutation]
161356 | Depths:3 | Lost mutation: You are vulnerable to heat. (rF-) [potion of
                  | mutation]
161356 | Depths:3 | Lost mutation: You sometimes lose the ability to drink
                  | potions when taking damage. [potion of mutation]
161356 | Depths:3 | Lost mutation: You occasionally lose the ability to drink
                  | potions when taking damage. [potion of mutation]
161356 | Depths:3 | Gained mutation: You expend magic power (3 MP) to
                  | strengthen your wands. [potion of mutation]
161356 | Depths:3 | Lost mutation: You expend magic power (3 MP) to strengthen
                  | your wands. [potion of mutation]
161356 | Depths:3 | Gained mutation: You expend magic power (3 MP) to
                  | strengthen your wands. [potion of mutation]
161466 | Dis:2    | Reached skill level 1 in Long Blades
162729 | Crypt:2  | Killed Ulecsuczon's ghost
163173 | Dis:4    | Reached skill level 5 in Long Blades
163323 | Dis:5    | Noticed a juggernaut
163327 | Dis:5    | Killed a juggernaut
163341 | Dis:5    | Noticed a juggernaut
163344 | Dis:5    | Killed a juggernaut
163401 | Dis:5    | Noticed a juggernaut
163404 | Dis:5    | Killed a juggernaut
163462 | Dis:5    | Noticed a juggernaut
163466 | Dis:5    | Killed a juggernaut
163512 | Dis:5    | Noticed a juggernaut
163514 | Dis:5    | Killed a juggernaut
163568 | Dis:5    | Noticed a juggernaut
163572 | Dis:5    | Killed a juggernaut
163825 | Dis:5    | Noticed a juggernaut
163828 | Dis:5    | Killed a juggernaut
164181 | Dis:7    | Entered Level 7 of the Iron City of Dis
165976 | Dis:7    | Noticed a juggernaut
165980 | Dis:7    | Killed a juggernaut
166025 | Dis:7    | Identified the +8 great sword "Plog" {flame, Dex+3}
166039 | Dis:7    | Identified the staff "Zenkugy" {rN+ Will+++ Str-2 Dex-4
                  | SInv Necro}
168378 | Dis:7    | Got an iron rune of Zot
168649 | Depths:3 | Voluntarily entered the Abyss.
168650 | Abyss:3  | Found a corrupted altar of Lugonu.
168679 | Abyss:3  | Found a corrupted altar of Lugonu.
168742 | Abyss:3  | Found a corrupted altar of Lugonu.
168852 | Depths:3 | Escaped the Abyss
168934 | Depths:3 | Voluntarily entered the Abyss.
169019 | Abyss:4  | Noticed an ancient lich
169021 | Abyss:4  | Killed an ancient lich
169030 | Abyss:4  | Got an abyssal rune of Zot
169032 | Abyss:4  | Found a transporter.
169041 | Depths:3 | Escaped the Abyss
169375 | Zot:5    | Got the Orb of Zot
169489 | Zot:1    | Noticed a seraph
169773 | D:9      | Reached skill level 10 in Long Blades
169852 | D:6      | Noticed Emeaps Xasch the pandemonium lord
169963 | D:$      | Escaped with the Orb!

Illustrated notes

Levels and vault maps discovered:
D:1:      dpeg_arrival_long_road, layout_rooms,
          dreamdust_ecumenical_altar_drowned_temple, minmay_surrounded
D:2:      layout_loops_ring, serial_undead, serial_undead_e, serial_undead_d,
          serial_undead_c, serial_undead_c, uniq_robin
D:3:      layout_loops_cross, minmay_misc_feat_cross
D:4:      layout_rooms, serial_rivers, chequers_serial_rivers_micro_e,
          chequers_serial_rivers_large_a, chequers_serial_rivers_micro_b,
          chequers_serial_rivers_micro_d, chequers_serial_rivers_room_b,
          chequers_serial_rivers_small_a, uniq_pikel, uniq_grinder,
          uniq_crazy_yiuf_cottage
D:5:      layout_basic, minivault_25, kennysheep_minor_cross
D:6:      layout_basic, nicolae_overflow_hidden_temple, kennysheep_donut,
          st_stairs_14, minmay_microvault
D:7:      layout_loops_corners, minmay_temple_entry_grid, corexii_checkpoint,
          nicolae_houndstooth_variations, uniq_maggie
D:8:      layout_loops_ring, nicolae_gozag_zags_fifth_avenue, dpeg_oklobed_lair,
          serial_shops, nicolae_shop_rolling_square, shop, shop, uniq_jeremiah
D:9:      corexii_shack_village, layout_irregular_city,
          mainiacjoe_overflow_six_doors_small, serial_ice, serial_ice_i,
          serial_ice_a, serial_ice_o, serial_ice_b, serial_ice_f
D:10:     layout_roguey, serial_shops, nicolae_shop_just_a_little_nook,
          uniq_maurice
D:11:     layout_loops_ring, serial_park_tiny_pond, uniq_snorg, uniq_josephine
D:12:     layout_basic, nicolae_trove_entry_isolated
D:13:     nicolae_BIG_FREAKIN_CUBE, layout_irregular_city,
          skrybe_vaults_entry_preservation, serial_shops,
          nicolae_shop_tiny_real_fake_doors, gammafunk_ghost_grave, uniq_urug,
          uniq_erolcha
D:14:     layout_cross, serial_shops, nicolae_shop_tiny_real_fake_doors
D:15:     grunt_enter_depths_snipers, layout_irregular_city,
          gauntlet_entry_generic, nzn_hepliaklqana_mist_gate, uniq_kirke,
          uniq_roxanne
Temple:   compressed_dpeg_circular_temple
Lair:1:   layout_small_grid
Lair:2:   beargit_carnivore_pack, layout_regular_city,
          lightli_volcano_entry_magma_tube, serial_bayou_shore_a,
          infiniplex_staircase_pool_2, uniq_sonja
Lair:3:   layout_cave_pods, minmay_shoals_entry_beasts,
          nicolae_snake_entry_squirm
Lair:4:   layout_loops_ring, nicolae_lair_lakeside_cave
Lair:5:   evilmike_catoblepas_cave, layout_small_grid,
          minmay_slime_entry_pillars, dreamdust_mushroom_princess
Shoals:1: nicolae_shoals_deep_elves_summer_vacation, layout_shoals,
          serial_shops, nicolae_shop_rolling_square
Shoals:2: layout_shoals, nicolae_stop_n_shop_1, lemuel_oklob_altar
Shoals:3: layout_shoals
Shoals:4: shoals_end_grunt_ice, layout_shoals
Snake:1:  layout_misc_corridors, ebering_ghost_xom,
          portal_ice_cave_entry_dragon, nicolae_custom_books, minmay_shop_star
Snake:2:  layout_cave_town, nicolae_snake_snakes_in_the_grass
Snake:3:  layout_onion, basic_altar, uniq_mlioglotl
Snake:4:  johnstein_snake_rune_scales, layout_cave_town, serial_bayou_shore_b
Slime:1:  layout_caves, cheibrodos_slime_lost_civilization_5
Slime:2:  layout_caves
Slime:3:  layout_caves
Slime:4:  layout_caves, nicolae_slime_rock_hall_of_fame
Slime:5:  slime_pit_nicolae_trefoil
Orc:1:    gammafunk_beogh_shrine, layout_caves
Orc:2:    st_orc_mages, layout_caves, serial_shops, shop,
          nicolae_orc_lost_temple
Elf:1:    layout_gridlike, hangedman_corner_corridor, drop_trap,
          minmay_elf_necromancy, uniq_azrael
Elf:2:    nicolae_elf_blades_splatter_lattice [infiniplex_blade_entry_pillars],
          layout_geoelf_diagonals, basic_altar, st_stairs_2
Elf:3:    minmay_elf_hall_hex, layout_gridlike, serial_shops,
          nicolae_shop_tiny_statue_garden, item_on_display_b
Vaults:1: nicolae_vaults_frosty_reception, vaults_mumra_hex,
          hangedman_vaults_corner, vaults_standard_mumra_x,
          nicolae_vaults_diamond_1, vaults_room_grunt_arrival_ludios, v_misc_24,
          nicolae_vaults_mini_display_case, ontoclasm_vaults_shuriken,
          vaults_dpeg_emergency_exit, nicolae_vaults_asterisk, vaults_room_pool,
          layout_vaults_chaotic_city, serial_shops,
          nicolae_shop_bloodbath_and_beyond
Vaults:2: gammafunk_ghost_fury_of_okawaru, hangedman_vaults_pinch,
          nicolae_vaults_taking_the_gang_shopping, nicolae_vaults_turnstiles,
          vaults_standard_mumra_enter_the_diamond, ontoclasm_vaults_ring_small,
          vaults_dpeg_ring, ontoclasm_vaults_twist,
          nicolae_vaults_tetromino_L_2, nicolae_vaults_variable_pillar_hall,
          v_misc_3, v_pattern_5, vaults_room_grid, nicolae_vaults_diamond_2,
          nicolae_vaults_tetromino_T_2, layout_vaults_omnibox, serial_shops,
          shop, uniq_jory, uniq_asterion, uniq_zenata
Vaults:3: nicolae_vaults_rhombus_6, nicolae_vaults_windows_and_doors_thing,
          v_misc_5, nicolae_vaults_yaktaur_gun_rack,
          nicolae_vaults_sesquioval_fish, nicolae_vaults_apartment_2, v_misc_4,
          ontoclasm_vaults_fault, minmay_crypt_entry_simple_box,
          vaults_dpeg_hooks, layout_vaults_quadrants, uniq_margery, uniq_norris,
          uniq_sojobo
Vaults:4: dpeg_vaults_monster_box, nicolae_vaults_meeting,
          nicolae_vaults_little_squares_1, ontoclasm_vaults_gateway,
          vaults_dpeg_spiral, nicolae_vaults_shrinking_rooms_1,
          hangedman_vaults_trim, ontoclasm_vaults_chip, vaults_dpeg_diagonal,
          v_misc_12, minmay_orc_keep, nicolae_vaults_double_plus_2,
          nicolae_vaults_tetromino_L_2, vaults_room_octagon,
          nicolae_vaults_little_squares_2, layout_vaults_maze
Vaults:5
Crypt:1:  layout_chaotic_city, glass_columns_c, grunt_crypt_arrival_webbed,
          uniq_vv
Crypt:2:  layout_misc_corridors, ebering_ghost_inner_flame, evilmike_ambush
          [evilmike_ambush_outer_pillars, evilmike_ambush_inner_basic]
Crypt:3:  church_of_pain_bobbens, layout_chaotic_city,
          nicolae_tomb_entry_grand_gallery
Tomb:1
Tomb:2
Tomb:3
Depths:1: layout_gridlike, corexii_corridor_pit, hellmonk_ghost_time_enough,
          hangedman_tar_grid_catacomb, kennysheep_inner_square
Depths:2: minmay_connected_boxes_in_corner, layout_basic, moated_statue,
          hell_entry, rand_demon_pan_entry_8, serial_shops,
          nicolae_shop_tiny_statue_garden
Depths:3: radiant_caverns_b_rkd, abyss_entry, hell_entry
Depths:4: lemuel_castle_with_subvaults [lemuel_castle_interior_original],
          layout_cave_pools, enter_ziggurat_e, pf_coc_iceberg,
          grunt_pan_entry_sceptre
Hell
Dis:1:    grunt_dis_stairs_iron_hall
Dis:2:    layout_gridville
Dis:3:    nicolae_dis_hell_of_blades
Dis:4:    layout_jigsaw
Dis:5:    nicolae_hells_titanomachy
Dis:6:    layout_subdivisions, hangedman_dis_decor_tower
Dis:7:    dis_st
Geh:1:    layout_gehenna_lava_caves, nicolae_geh_gnashing_of_teeth
Geh:2:    layout_gehenna_lava_caves
Geh:3:    layout_gehenna_lava_caves, lemuel_hellish_altar
Geh:4:    nicolae_geh_seventh_circle, layout_gehenna_lava_caves
Geh:5:    layout_gehenna_pools_basic, nicolae_geh_sunburst
Geh:6:    nicolae_hells_demon_pit, layout_gehenna_lava_caves
Geh:7:    geh_hangedman
Coc:1:    layout_cocytus_water_paths
Coc:2:    layout_ice_bergs
Coc:3:    layout_ice_bergs
Coc:6:    layout_cocytus_water_paths
Coc:7:    coc_dpeg
Tar:1:    layout_honeycomb
Tar:2:    layout_cathedral_of_symmetry, nicolae_tar_cuneiform_two
Tar:3:    layout_honeycomb
Tar:4:    layout_grid_maze, nicolae_tar_cuneiform_oil,
          nicolae_tar_cuneiform_to_be
Tar:5:    layout_cathedral_of_symmetry, nicolae_tar_cuneiform_not
Tar:6:    nicolae_tar_funeral_procession, layout_cathedral_of_symmetry,
          nicolae_hells_leichenhalle
Tar:7:    tar_grunt_cathedral
Zot:1:    layout_misc_corridors
Zot:2:    layout_basic, drop_trap, grunt_ministairs_14, uniq_grunn, uniq_parghit
Zot:3:    layout_onion_interference, st_stairs_1,
          regret_index_zotdec_gossamer_gf, grunt_megastairs_2
Zot:4:    minmay_elemental_castle, layout_cellular_growth,
          hangedman_elemental_corridor
Zot:5:    layout_onion, grunt_ministairs_14

Skill      XL: |  1  2  3  4  5  6  7  8  9 10 11 12 13 14 15 16 17 18 19 20 21 22 23 24 25 26 27 |
---------------+----------------------------------------------------------------------------------+-----
Fighting       | 1 2 3 4 5 7 8 10 11 13 14 15 16 17 18 19 20 21 22 23 27 | 27.0
Conjurations   | 2 3 4 6 7 9 10 11 13 14 15 16 17 18 19 20 21 22 23 27 | 27.0
Spellcasting   | 3 4 5 6 7 9 10 11 12 13 14 15 16 17 18 19 20 27 | 27.0
Fire Magic     | 4 5 6 7 8 10 11 12 13 14 15 16 17 18 19 20 21 22 | 22.7
Earth Magic    | 2 6 9 10 12 13 14 15 16 18 27 | 27.0
Staves         | 3 6 7 9 10 | 10.9
Air Magic      | 4 24 | 24.3
Throwing       | 15 | 15.3
Shapeshifting  | 23 | 23.0
Dodging        | 25 | 25.9
Ice Magic      | 22 | 22.8
Long Blades    | 10 | 10.0
Stealth        | |  2.1

Action                     |  1- 3 |  4- 6 |  7- 9 | 10-12 | 13-15 | 16-18 | 19-21 | 22-24 | 25-27 || total
---------------------------+-------+-------+-------+-------+-------+-------+-------+-------+-------++-------
  Melee: Short sword       |     7 |     6 |     1 |       |       |       |       |       |       ||    14
         Dagger            |     5 |     1 |       |       |       |       |       |       |       ||     6
         Staff             |       |       |       |       |     5 |     8 |    21 |       |    15 ||    49
         Punch             |       |       |       |       |     1 |       |       |       |     1 ||     2
         Quarterstaff      |       |       |       |       |       |       |       |       |    17 ||    17
         Headbutt          |       |       |       |       |       |       |       |       |     6 ||     6
  Throw: Javelin           |       |       |       |       |       |       |       |       |    31 ||    31
         Throwing net      |       |       |       |       |       |       |       |       |    25 ||    25
         Dart              |       |       |       |       |       |       |       |       |     4 ||     4
   Cast: Foxfire           |    57 |    63 |    77 |    50 |    15 |     9 |     3 |     1 |     6 ||   281
         Scorch            |     6 |    50 |    56 |    43 |    30 |    12 |     5 |     1 |     4 ||   207
         Flame Wave        |       |       |    16 |    33 |    65 |    36 |    12 |       |       ||   162
         Inner Flame       |       |       |     1 |       |       |       |       |       |       ||     1
         Fireball          |       |       |       |    93 |   213 |   357 |   254 |    42 |     5 ||   964
         Conjure Ball Ligh |       |       |       |       |    34 |    10 |     3 |       |       ||    47
         Plasma Beam       |       |       |       |       |    47 |   120 |   143 |   240 |   161 ||   711
         Starburst         |       |       |       |       |     6 |    15 |     2 |     1 |     2 ||    26
         Stone Arrow       |       |       |       |       |       |    56 |     9 |       |     1 ||    66
         Ignition          |       |       |       |       |       |     9 |    52 |    57 |   181 ||   299
         Lehudib's Crystal |       |       |       |       |       |       |    91 |   137 |  1347 ||  1575
         Fire Storm        |       |       |       |       |       |       |     9 |   128 |  1451 ||  1588
         Shatter           |       |       |       |       |       |       |       |       |   247 ||   247
         Chain Lightning   |       |       |       |       |       |       |       |       |   871 ||   871
         Apportation       |       |       |       |       |       |       |       |       |     2 ||     2
         Polar Vortex      |       |       |       |       |       |       |       |       |     1 ||     1
Ability: Siphon Essence    |       |       |       |       |       |       |       |       |     1 ||     1
  Evoke: Wand              |       |       |     8 |       |     9 |     6 |    22 |    14 |    68 ||   127
         Box of beasts     |       |       |       |       |       |       |     3 |       |     2 ||     5
         Phial of floods   |       |       |       |       |       |       |     2 |     1 |     1 ||     4
         Phantom mirror    |       |       |       |       |       |       |     1 |     1 |     6 ||     8
         Lightning rod     |       |       |       |       |       |       |       |       |    13 ||    13
         Figurine of a zig |       |       |       |       |       |       |       |       |     1 ||     1
    Use: Scroll            |       |     5 |     8 |     4 |    19 |    11 |    30 |     4 |    79 ||   160
         Potion            |       |       |       |       |       |       |    15 |     1 |    77 ||    93
   Stab: Distracted        |       |       |       |       |       |       |       |       |     2 ||     2
 Armour: Robe              |    14 |    33 |    43 |    81 |   299 |   252 |   272 |   146 |  1199 ||  2339
         Leather armour    |       |       |       |       |       |       |       |       |   758 ||   758
  Dodge: Dodged            |    12 |    27 |    21 |    44 |   134 |   120 |    79 |    38 |   628 ||  1103
  Block: Other             |       |       |       |     4 |    48 |    43 |    42 |    18 |       ||   155
         Reflection        |       |       |       |       |     2 |    15 |     2 |     3 |       ||    22
   Form: Death             |       |       |       |       |       |       |       |     1 |    18 ||    19
                           |       |       |       |       |       |       |       |     1 |    17 ||    18
